Workbook
Name _1Excel_BuiltIn_Print_Area_1_1_1: 'Прил 3'!$A$1:$C$32
Name _2Excel_BuiltIn_Print_Area_7_1_1: #REF!
Name _2Excel_BuiltIn_Print_Area_7_1_1: #REF!
Name _Toc105952698: 'Прил 4 '!$A$3
Name _Toc105952698: #REF!
Name Excel_BuiltIn_Print_Area_1: 'Прил 3'!$A$1:$C$32
Name Excel_BuiltIn_Print_Area_1_1: 'Прил 3'!$A$1:$C$32
Name Excel_BuiltIn_Print_Area_2: #REF!
Name Excel_BuiltIn_Print_Area_2: #REF!
Name Excel_BuiltIn_Print_Area_3: 'Прил 1'!$A$1:$C$32
Name Excel_BuiltIn_Print_Area_3_1: #REF!
Name Excel_BuiltIn_Print_Area_3_1: #REF!
Name Excel_BuiltIn_Print_Area_4: #REF!
Name Excel_BuiltIn_Print_Area_4: #REF!
Name Excel_BuiltIn_Print_Area_5: 'Прил 4 '!$A$1:$I$55
Name Excel_BuiltIn_Print_Area_5: #REF!
Name Excel_BuiltIn_Print_Area_5_1: 'Прил 4 '!$A$1:$I$55
Name Excel_BuiltIn_Print_Area_5_1: #REF!
Name Excel_BuiltIn_Print_Area_6: 'Прил 5'!$A$1:$G$59
Name Excel_BuiltIn_Print_Area_6_1: 'Прил 5'!$A$1:$G$59
Name Excel_BuiltIn_Print_Area_7: #REF!
Name Excel_BuiltIn_Print_Area_7: #REF!
Name Excel_BuiltIn_Print_Area_7_1: #REF!
Name Excel_BuiltIn_Print_Area_7_1: #REF!

Sheet Прил 1
C1: Приложение 1
A3: ПЕРЕЧЕНЬ АДМИНИСТРАТОРОВ ДОХОДОВ БЮДЖЕТА ПАЕВСКОГО СЕЛЬСКОГО ПОСЕЛЕНИЯ КАДОШКИНСКОГО МУНИЦИПАЛЬНОГО РАЙОНА РЕСПУБЛИКИ МОРДОВИЯ
A5: Код бюджетной классификации Российской Федерации | C5: Наименование доходов бюджета
A6: админи- стратора доходов | B6: доходов бюджета
A7: 1 | B7: 2 | C7: 3
A9: 918 | B9: Администрация Паевского сельского поселения Кадошкинского муниципального района Республики Мордовия
A11: 918 | B11: 1 08 04020 01 1000 110 | C11: Государственная пошлина за совершение нотариальных действий должностными лицами органов местного самоуправления, уполномоченными в соответствии с законодательными актами Российской Федерации на совершение нотариальных действий
A12: 918 | B12: 1 08 04020 01 4000 110 | C12: Государственная пошлина за совершение нотариальных действий должностными лицами органов местного самоуправления, уполномоченными в соответствии с законодательными актами Российской Федерации на совершение нотариальных действий (прочие поступления)
A13: 918 | B13: 1 11 02033 10 0000 120 | C13: Доходы от размещения временно свободных средств бюджетов сельских поселений
A14: 918 | B14: 1 11 05035 10 0000 120 | C14: Доходы от сдачи в аренду имущества, находящегося в оперативном управлении органов управления сельских поселений и созданных ими учреждений (за исключением имущества муниципальных бюджетных и автономных учреждений)
A15: 918 | B15: 1 11 09045 10 0000 120 | C15: Прочие поступления от использования имущества, находящегося в собственности сельских поселений (за исключением имущества муниципальных бюджетных и автономных учреждений, а также имущества муниципальных унитарных предприятий, в том числе казенных)
A16: 918 | B16: 1 13 01995 10 0000 130 | C16: Прочие доходы от оказания платных услуг (работ) получателями средств бюджетов сельских поселений
A17: 918 | B17: 1 13 02995 10 0000 130 | C17: Прочие доходы от компенсации затрат бюджетов сельских поселений
A18: 918 | B18: 1 14 02052 10 0000 410 | C18: Доходы от реализации имущества, находящегося в оперативном управлении учреждений, находящихся в ведении органов управления сельских поселений (за исключением имущества муниципальных бюджетных и автономных учреждений), в части реализации основных средств по указанному имуществу
A19: 918 | B19: 1 14 02052 10 0000 440 | C19: Доходы от реализации имущества, находящегося в оперативном управлении учреждений, находящихся в ведении органов управления сельских поселений (за исключением имущества муниципальных бюджетных и автономных учреждений), в части реализации материальных запасов по указанному имуществу
A20: 918 | B20: 1 14 02053 10 0000 410 | C20: Доходы от реализации иного имущества, находящегося в собственности сельских поселений (за исключением имущества муниципальных бюджетных и автономных учреждений, а также имущества муниципальных унитарных предприятий, в том числе казенных), в части реализации основных средств по указанному имуществу
A21: 918 | B21: 1 14 02053 10 0000 440 | C21: Доходы от реализации иного имущества, находящегося в собственности сельских поселений (за исключением имущества муниципальных бюджетных и автономных учреждений, а также имущества муниципальных унитарных предприятий, в том числе казенных), в части реализации материальных запасов по указанному имуществу
A22: 918 | B22: 1 14 06025 10 0000 430 | C22: Доходы от продажи земельных участков, находящихся в собственности сельских поселений (за исключением земельных участков муниципальных бюджетных и автономных учреждений)
... A37: 918 | B37: 2 08 05000 10 0000 150 | C37: Перечисления из бюджетов сельских поселений (в бюджеты поселений) для осуществления возврата (зачета) излишне уплаченных или излишне взысканных сумм налогов, сборов и иных платежей, а также сумм процентов за несвоевременное осуществление такого возврата и процентов, начисленных на излишне взысканные суммы

Sheet Прил 2
C1: Приложение 2
A3: ПЕРЕЧЕНЬ ГЛАВНЫХ АДМИНИСТРАТОРОВ ИСТОЧНИКОВ ФИНАНСИРОВАНИЯ ДЕФИЦИТА БЮДЖЕТА ПАЕВСКОГО СЕЛЬСКОГО ПОСЕЛЕНИЯ КАДОШКИНСКОГО МУНИЦИПАЛЬНОГО РАЙОНА РЕСПУБЛИКИ МОРДОВИЯ
A6: Код бюджетной классификации Российской Федерации | C6: Наименование главного администратора источника финансирования бюджета
A7: админи- стратора | B7: источников внутреннего финансирования дефицита бюджета
A8: 1 | B8: 2 | C8: 3
A9: 918 | C9: Администрация Паевского сельского поселения Кадошкинского муниципального района
A10: 918 | B10: 01 02 00 00 10 0000 710 | C10: Получение кредитов от других бюджетов бюджетной системы Российской Федерации бюджетами сельских поселений в валюте Российской Федерации
A11: 918 | B11: 01 03 01 00 10 0000 810 | C11: Погашение бюджетами сельских поселений кредитов от других бюджетов бюджетной системы Российской Федерации в валюте Российской Федерации

Sheet Прил 3
D1: Приложение 3
A3: ДОХОДЫ БЮДЖЕТА ПАЕВСКОГО СЕЛЬСКОГО ПОСЕЛЕНИЯ КАДОШКИНСКОГО МУНИЦИПАЛЬНОГО РАЙОНА РЕСПУБЛИКИ МОРДОВИЯ
C5: (тыс.рублей)
A6: Код бюджетной классификации доходов бюджета | B6: Наименование доходов | C6: Сумма
C7: 2020 год | D7: 2021 год | E7: 2022 год
A8: 1 | B8: 2 | C8: 3 | D8: 4 | E8: 5
B9: ВСЕГО ДОХОДОВ | C9: =SUM(C10+C25) -> 2271.1 | D9: =SUM(D10+D25) -> 971.2 | E9: =SUM(E10+E25) -> 1000.5
A10: 00010000000000000000 | B10: НАЛОГОВЫЕ И НЕНАЛОГОВЫЕ ДОХОДЫ | C10: =SUM(C11+C14+C16+C18+C21+C23) -> 515.9 | D10: =SUM(D11+D14+D16+D18+D21+D23) -> 506.6 | E10: =SUM(E11+E14+E16+E18+E21+E23) -> 505.4
A11: 00010100000000000000 | B11: НАЛОГИ НА ПРИБЫЛЬ, ДОХОДЫ | C11: =SUM(C12) -> 33.5 | D11: =SUM(D12) -> 34.8 | E11: =SUM(E12) -> 36.2
A12: 00010102000010000110 | B12: Налог на доходы физических лиц | C12: =SUM(C13) -> 33.5 | D12: =SUM(D13) -> 34.8 | E12: =SUM(E13) -> 36.2
A13: 18210102010010000110 | B13: Налог на доходы физических лиц с доходов, источником которых является налоговый агент, за исключением доходов, в отношении которых исчисление и уплата налога осуществляются в соответствии со статьями 227, 2271 и 228 Налогового кодекса Российской Федерации | C13: 33.5 | D13: 34.8 | E13: 36.2
A14: 00010500000000000000 | B14: НАЛОГИ НА СОВОКУПНЫЙ ДОХОД | C14: =SUM(C15) -> 1.1 | D14: =SUM(D15) -> 1.1 | E14: =SUM(E15) -> 1.1
A15: 18210503010010000110 | B15: Единый сельскохозяйственный налог | C15: 1.1 | D15: 1.1 | E15: 1.1
A16: 00010600000000000000 | B16: НАЛОГИ НА ИМУЩЕСТВО | C16: =SUM(C17) -> 46.4 | D16: =SUM(D17) -> 44 | E16: =SUM(E17) -> 44.5
A17: 18210601030100000110 | B17: Налог на имущество физических лиц, взимаемый по ставкам, применяемым к объектам налогообложения, расположенным в границах сельских поселений | C17: 46.4 | D17: 44 | E17: 44.5
A18: 00010606000000000110 | B18: Земельный налог | C18: =SUM(C19+C20) -> 390 | D18: =SUM(D19+D20) -> 380 | E18: =SUM(E19+E20) -> 375
A19: 18210606033100000110 | B19: Земельный налог с организаций, обладающих земельным участком, расположенным в границах сельских поселений | C19: 214 | D19: 204 | E19: 199
A20: 18210606043100000110 | B20: Земельный налог с физических лиц, обладающих земельным участком, расположенным в границах сельских поселений | C20: 176 | D20: 176 | E20: 176
A21: 00011100000000000000 | B21: ДОХОДЫ ОТ ИСПОЛЬЗОВАНИЯ ИМУЩЕСТВА, НАХОДЯЩЕГОСЯ В ГОСУДАРСТВЕННОЙ И МУНИЦИПАЛЬНОЙ СОБСТВЕННОСТИ | C21: =SUM(C22) -> 44.9 | D21: =SUM(D22) -> 46.7 | E21: =SUM(E22) -> 48.6
A22: 91811105035100000120 | B22: Доходы, получаемые в виде арендной платы, а также средства от продажи права на заключение договоров аренды за земли, находящиеся в собственности сельских поселений (за исключением земельных участков муниципальных бюджетных и автономных учреждений) | C22: 44.9 | D22: 46.7 | E22: 48.6
A23: 00011400000000000000 | B23: ДОХОДЫ ОТ ПРОДАЖИ МАТЕРИАЛЬНЫХ И НЕМАТЕРИАЛЬНЫХ АКТИВОВ | C23: =SUM(C24) -> 0 | D23: =SUM(D24) -> 0 | E23: =SUM(E24) -> 0
A24: 91811406025100000430 | B24: Доходы от продажи земельных участков, находящихся в собственности сельских поселений (за исключением земельных участков муниципальных бюджетных и автономных учреждений) | C24: 0 | D24: 0 | E24: 0
A25: 00020200000000000000 | B25: БЕЗВОЗМЕЗДНЫЕ ПОСТУПЛЕНИЯ ОТ ДРУГИХ БЮДЖЕТОВ БЮДЖЕТНОЙ СИСТЕМЫ РОССИЙСКОЙ ФЕДЕРАЦИИ | C25: =SUM(C28+C31+C26) -> 1755.2 | D25: =SUM(D28+D31+D26) -> 464.6 | E25: =SUM(E28+E31+E26) -> 495.1
A26: 00020220000000000150 | B26: Субсидии бюджетам бюджетной системы Российской Федерации (межбюджетные субсидии) | C26: =C27 -> 558.3 | D26: =D27 -> 0 | E26: =E27 -> 0
A27: 91820229999100000150 | B27: Прочие субсидии бюджетам сельских поселений | C27: 558.3 | D27: 0 | E27: 0
A28: 00020230000000000150 | B28: Субвенции бюджетам бюджетной системы Российской Федерации | C28: =SUM(C29+C30) -> 78.8 | D28: =SUM(D29+D30) -> 78.9 | E28: =SUM(E29+E30) -> 80.7
A29: 91820230024100000150 | B29: Субвенции на осуществление государственных полномочий Республики Мордовия по определению перечня должностных лиц, уполномоченных составлять протоколы об административных правонарушениях, предусмотренных Законом Республики Мордовия от 15 июня 2015 года № 38-З "Об административной ответственности на территории Республики Мордовия" | C29: 0.1 | D29: 0.1 | E29: 0.1
A30: 91820235118100000150 | B30: Субвенции бюджетам сельских поселений на осуществление первичного воинского учета на территориях, где отсутствуют военные комиссариаты | C30: 78.7 | D30: 78.8 | E30: 80.6
A31: 00020240000000000150 | B31: Иные межбюджетные трансферты | C31: =SUM(C32) -> 1118.1 | D31: =SUM(D32) -> 385.7 | E31: =SUM(E32) -> 414.4
A32: 91820240014100000150 | B32: Межбюджетные трансферты, передаваемые бюджетам сельских поселений из бюджетов муниципальных районов на осуществление части полномочий по решению вопросов местного значения в соответствии с заключенными соглашениями | C32: 1118.1 | D32: 385.7 | E32: 414.4

Sheet Прил 4 
I1: Приложение 4
A3: РАСПРЕДЕЛЕНИЕ БЮДЖЕТНЫХ АССИГНОВАНИЙ БЮДЖЕТА ПАЕВСКОГО СЕЛЬСКОГО ПОСЕЛЕНИЯ КАДОШКИНСКОГО МУНИЦИПАЛЬНОГО РАЙОНА РЕСПУБЛИКИ МОРДОВИЯ ПО РАЗДЕЛАМ, ПОДРАЗДЕЛАМ, ЦЕЛЕВЫМ СТАТЬЯМ (ГОСУДАРСТВЕННЫМ ПРОГРАММАМ И НЕПРОГРАММНЫМ НАПРАВЛЕНИЯМ ДЕЯТЕЛЬНОСТИ), ГРУППАМ (ГРУППАМ И ПОДГРУППАМ) ВИДОВ РАСХОДОВ КЛАССИФИКАЦИИ РАСХОДОВ БЮДЖЕТОВ НА 2020 ГОД И НА ПЛАНОВЫЙ ПЕРИОД 2021 И 2022 ГОДОВ
A5: Наименование | B5: Рз | C5: ПР | D5: ЦСР | H5: ВР | I5: Сумма (тыс. рублей)
I6: 2020 год | J6: 2021 год | K6: 2022 год
A7: 1 | B7: 2 | C7: 3 | D7: 4 | E7: 5 | F7: 6 | G7: 7 | H7: 8 | I7: 9 | J7: 10 | K7: 11
A8: ВСЕГО | I8: =I9+I62+I71+I78+I97+I104 -> 2296.8963 | J8: =J9+J62+J71+J78+J97+J104 -> 971.213 | K8: =K9+K62+K71+K78+K97+K104 -> 1000.481
A9: Общегосударственные вопросы | B9: 01 | I9: =I10+I19+I43 -> 959.063 | J9: =J10+J19+J43 -> 418.113 | K9: =K10+K19+K43 -> 414.481
A10: Функционирование высшего должностного лица субъекта Российской Федерации и муниципального образования | B10: 01 | C10: 02 | I10: =I11 -> 313 | J10: =J11 -> 126.2 | K10: =K11 -> 136.2
A11: Обеспечение деятельности администрации | B11: 01 | C11: 02 | D11: 65 | I11: =I12 -> 313 | J11: =J12 -> 126.2 | K11: =K12 -> 136.2
A12: Высшее должностное лицо | B12: 01 | C12: 02 | D12: 65 | E12: 1 | I12: =I13+I16 -> 313 | J12: =J13+J16 -> 126.2 | K12: =K13+K16 -> 136.2
A13: Расходы на выплаты по оплате труда высшего должностного лица | B13: 01 | C13: 02 | D13: 65 | E13: 1 | F13: 00 | G13: 41150 | I13: =I14 -> 126.1 | J13: =J14 -> 126.2 | K13: =K14 -> 136.2
A14: Расходы на выплаты персоналу в целях обеспечения выполнения функций государственными (муниципальными) органами, казенными учреждениями, органами управления государственными внебюджетными фондами | B14: 01 | C14: 02 | D14: 65 | E14: 1 | F14: 00 | G14: 41150 | H14: 100 | I14: =I15 -> 126.1 | J14: =J15 -> 126.2 | K14: =K15 -> 136.2
A15: Расходы на выплаты персоналу государственных (муниципальных) органов | B15: 01 | C15: 02 | D15: 65 | E15: 1 | F15: 00 | G15: 41150 | H15: 120 | I15: ='Прил 5'!J16 -> 126.1 | J15: ='Прил 5'!K16 -> 126.2 | K15: ='Прил 5'!L16 -> 136.2
A16: Субсидии, выплачиваемые в зависимости от выполнения социально-экономических показателей | B16: 01 | C16: 02 | D16: 65 | E16: 1 | F16: 00 | G16: 44203 | I16: =I17 -> 186.9 | J16: =J17 -> 0 | K16: =K17 -> 0
A17: Расходы на выплаты персоналу в целях обеспечения выполнения функций государственными (муниципальными) органами, казенными учреждениями, органами управления государственными внебюджетными фондами | B17: 01 | C17: 02 | D17: 65 | E17: 1 | F17: 00 | G17: 44203 | H17: 100 | I17: =I18 -> 186.9 | J17: =J18 -> 0 | K17: =K18 -> 0
A18: Расходы на выплаты персоналу государственных (муниципальных) органов | B18: 01 | C18: 02 | D18: 65 | E18: 1 | F18: 00 | G18: 44203 | H18: 120 | I18: ='Прил 5'!J19 -> 186.9 | J18: ='Прил 5'!K19 -> 0 | K18: ='Прил 5'!L19 -> 0
A19: Функционирование Правительства Российской Федерации, высших органов исполнительной власти субъектов Российской Федерации, местных администраций | B19: 01 | C19: 04 | I19: =I20+I38 -> 645.063 | J19: =J20+J38 -> 290.913 | K19: =K20+K38 -> 277.281
A20: Обеспечение деятельности администрации | B20: 01 | C20: 04 | D20: 65 | I20: =I21 -> 644.963 | J20: =J21 -> 290.813 | K20: =K21 -> 277.181
A21: Непрограммные расходы в рамках обеспечения деятельности администрации | B21: 01 | C21: 04 | D21: 65 | E21: 2 | I21: =I22+I25+I37+I30 -> 644.963 | J21: =J22+J25+J37+J30 -> 290.813 | K21: =K22+K25+K37+K30 -> 277.181
A22: Расходы на выплаты по оплате труда работников органов местного самоуправления | B22: 01 | C22: 04 | D22: 65 | E22: 2 | F22: 00 | G22: 41110 | I22: =I23 -> 223.3 | J22: =J23 -> 215.9 | K22: =K23 -> 200.9
A23: Расходы на выплаты персоналу в целях обеспечения выполнения функций государственными (муниципальными) органами, казенными учреждениями, органами управления государственными внебюджетными фондами | B23: 01 | C23: 04 | D23: 65 | E23: 2 | F23: 00 | G23: 41110 | H23: 100 | I23: =I24 -> 223.3 | J23: =J24 -> 215.9 | K23: =K24 -> 200.9
A24: Расходы на выплаты персоналу государственных (муниципальных) органов | B24: 01 | C24: 04 | D24: 65 | E24: 2 | F24: 00 | G24: 41110 | H24: 120 | I24: ='Прил 5'!J25 -> 223.3 | J24: ='Прил 5'!K25 -> 215.9 | K24: ='Прил 5'!L25 -> 200.9
A25: Расходы на обеспечение функций органов местного самоуправленя | B25: 01 | C25: 04 | D25: 65 | E25: 2 | F25: 00 | G25: 41120 | I25: =I26+I28 -> 39 | J25: =J26+J28 -> 63.2 | K25: =K26+K28 -> 64.1
A26: Закупка товаров, работ и услуг для обеспечения государственных (муниципальных) нужд | B26: 01 | C26: 04 | D26: 65 | E26: 2 | F26: 00 | G26: 41120 | H26: 200 | I26: =I27 -> 0 | J26: =J27 -> 24.2 | K26: =K27 -> 25.1
A27: Иные закупки товаров, работ и услуг для обеспечения государственных (муниципальных) нужд | B27: 01 | C27: 04 | D27: 65 | E27: 2 | F27: 00 | G27: 41120 | H27: 240 | I27: ='Прил 5'!J28 -> 0 | J27: ='Прил 5'!K28 -> 24.2 | K27: ='Прил 5'!L28 -> 25.1
A28: Иные бюджетные ассигнования | B28: 01 | C28: 04 | D28: 66 | E28: 2 | F28: 00 | G28: 41120 | H28: 800 | I28: =I29 -> 39 | J28: =J29 -> 39 | K28: =K29 -> 39
A29: Уплата налогов, сборов и иных платежей | B29: 01 | C29: 04 | D29: 66 | E29: 2 | F29: 00 | G29: 41120 | H29: 850 | I29: ='Прил 5'!J30 -> 39 | J29: ='Прил 5'!K30 -> 39 | K29: ='Прил 5'!L30 -> 39
A30: Субсидии, выплачиваемые в зависимости от выполнения социально-экономических показателей | B30: 01 | C30: 04 | D30: 65 | E30: 2 | F30: 00 | G30: 44203 | I30: =I31+I33 -> 371.4 | J30: =J31+J33 -> 0 | K30: =K31+K33 -> 0
A31: Расходы на выплаты персоналу в целях обеспечения выполнения функций государственными (муниципальными) органами, казенными учреждениями, органами управления государственными внебюджетными фондами | B31: 01 | C31: 04 | D31: 65 | E31: 2 | F31: 00 | G31: 44203 | H31: 100 | I31: =I32 -> 300 | J31: =J32 -> 0 | K31: =K32 -> 0
A32: Расходы на выплаты персоналу государственных (муниципальных) органов | B32: 01 | C32: 04 | D32: 65 | E32: 2 | F32: 00 | G32: 44203 | H32: 120 | I32: ='Прил 5'!J33 -> 300 | J32: ='Прил 5'!K33 -> 0 | K32: ='Прил 5'!L33 -> 0
A33: Закупка товаров, работ и услуг для обеспечения государственных (муниципальных) нужд | B33: 01 | C33: 04 | D33: 65 | E33: 2 | F33: 00 | G33: 44203 | H33: 200 | I33: =I34 -> 71.4 | J33: =J34 -> 0 | K33: =K34 -> 0
A34: Иные закупки товаров, работ и услуг для обеспечения государственных (муниципальных) нужд | B34: 01 | C34: 04 | D34: 65 | E34: 2 | F34: 00 | G34: 44203 | H34: 240 | I34: ='Прил 5'!J35 -> 71.4 | J34: ='Прил 5'!K35 -> 0 | K34: ='Прил 5'!L35 -> 0
A35: Осуществление полномочий по составлению и рассмотрению проекта бюджета поселения, утверждениюи исполнению бюджета поселения, осуществлюнию контроля заего исполнением, составлению и утверждению отчета об исполнении бюджета поселения | B35: 01 | C35: 04 | D35: 65 | E35: 2 | F35: 00 | G35: 44501 | I35: =I36 -> 11.263 | J35: =J36 -> 11.713 | K35: =K36 -> 12.181
A36: Межбюджетные трансферты | B36: 01 | C36: 04 | D36: 65 | E36: 2 | F36: 00 | G36: 44501 | H36: 500 | I36: =I37 -> 11.263 | J36: =J37 -> 11.713 | K36: =K37 -> 12.181
A37: Иные межбюджетные трансферты | B37: 01 | C37: 04 | D37: 65 | E37: 2 | F37: 00 | G37: 44501 | H37: 540 | I37: ='Прил 5'!J38 -> 11.263 | J37: ='Прил 5'!K38 -> 11.713 | K37: ='Прил 5'!L38 -> 12.181
A38: Непрограммные расходы главных распорядителей средств бюджета Паевского сельского поселения Кадошкинского муниципального района Республики Мордовия | B38: 01 | C38: 04 | D38: 89 | I38: =I39 -> 0.1 | J38: =J39 -> 0.1 | K38: =K39 -> 0.1
A39: Непрограммные расходы в рамках обеспечения деятельности главных распорядителей средств бюджета Паевского сельского поселения Кадошкинского муниципального района Республики Мордовия | B39: 01 | C39: 04 | D39: 89 | E39: 1 | I39: =I40 -> 0.1 | J39: =J40 -> 0.1 | K39: =K40 -> 0.1
A40: Осуществление государственных полномочий Республики Мордовия по определению перечня должностных лиц, уполномоченных составлять протоколы об административных правонарушениях, предусмотренных Законом Республики Мордовия от 15 июня 2015 года № 38-З "Об административной ответственности на территории Республики Мордовия" | B40: 01 | C40: 04 | D40: 89 | E40: 1 | F40: 00 | G40: 77150 | I40: =I41 -> 0.1 | J40: =J41 -> 0.1 | K40: =K41 -> 0.1
A41: Закупка товаров, работ и услуг для обеспечения государственных (муниципальных) нужд | B41: 01 | C41: 04 | D41: 89 | E41: 1 | F41: 00 | G41: 77150 | H41: 200 | I41: =I42 -> 0.1 | J41: =J42 -> 0.1 | K41: =K42 -> 0.1
A42: Иные закупки товаров, работ и услуг для обеспечения государственных (муниципальных) нужд | B42: 01 | C42: 04 | D42: 89 | E42: 1 | F42: 00 | G42: 77150 | H42: 240 | I42: ='Прил 5'!J43 -> 0.1 | J42: ='Прил 5'!K43 -> 0.1 | K42: ='Прил 5'!L43 -> 0.1
A43: Резервные фонды | B43: 01 | C43: 11 | I43: =I44 -> 1 | J43: =J44 -> 1 | K43: =K44 -> 1
A44: Непрограммные расходы главных распорядителей средств бюджета Паевского сельского поселения Кадошкинского муниципального района Республики Мордовия | B44: 01 | C44: 11 | D44: 89 | I44: =I45 -> 1 | J44: =J45 -> 1 | K44: =K45 -> 1
A45: Непрограммные расходы в рамках обеспечения деятельности главных распорядителей средств бюджета Паевского сельского поселения Кадошкинского муниципального района Республики Мордовия | B45: 01 | C45: 11 | D45: 89 | E45: 1 | I45: =I46 -> 1 | J45: =J46 -> 1 | K45: =K46 -> 1
A46: Резервный фонд администрации Паевского сельского поселения Кадошкинского муниципального района Республики Мордовия | B46: 01 | C46: 11 | D46: 89 | E46: 1 | F46: 00 | G46: 41180 | I46: =I47 -> 1 | J46: =J47 -> 1 | K46: =K47 -> 1
A47: Иные бюджетные ассигнования | B47: 01 | C47: 11 | D47: 89 | E47: 1 | F47: 00 | G47: 41180 | H47: 800 | I47: =I48 -> 1 | J47: =J48 -> 1 | K47: =K48 -> 1
A48: Резервные средства | B48: 01 | C48: 11 | D48: 89 | E48: 1 | F48: 00 | G48: 41180 | H48: 870 | I48: ='Прил 5'!J49 -> 1 | J48: ='Прил 5'!K49 -> 1 | K48: ='Прил 5'!L49 -> 1
A49: Другие общегосударственные вопросы | B49: 01 | C49: 13
A50: Программа "Развитие муниципальной службы в Паевском сельском поселении на 2019-2022г.г." | B50: 01 | C50: 13 | D50: 01
A51: Подготовка, переподготовка и повышение квалификации кадров | B51: 01 | C51: 13 | D51: 01 | E51: 0 | F51: 00 | G51: 41250
A52: Прочая закупка товаров, работ и услуг | B52: 01 | C52: 13 | D52: 01 | E52: 0 | F52: 00 | G52: 41250 | H52: 244
A53: Противопожарная безопасность на территории Паевского сельского поселения на 2019-2020г.г. | B53: 01 | C53: 13 | D53: 08
A54: Мероприятия по обеспечению пожарной безопасности | B54: 01 | C54: 13 | D54: 08 | E54: 0 | F54: 00 | G54: 42120
A55: Прочая закупка товаров, работ и услуг | B55: 01 | C55: 13 | D55: 08 | E55: 0 | F55: 00 | G55: 42120 | H55: 244
A56: Гармонизация межнациональных и межконфессиальных отношений в Паевском сельском поселении на 2016-2020г.г. | B56: 01 | C56: 13 | D56: 24
A57: Мероприятия, направленные на развитие межнациональных отношений | B57: 01 | C57: 13 | D57: 24 | E57: 0 | F57: 00 | G57: 42310
A58: Прочая закупка товаров, работ и услуг | B58: 01 | C58: 13 | D58: 24 | E58: 0 | F58: 00 | G58: 42310 | H58: 244
A59: Программа по противодействию терроризму и экстремизму на территории Паевского сельского поселения на 2019-2020г.г. | B59: 01 | C59: 13 | D59: 31
A60: Мероприятия по укреплению общественного порядка и обеспечению общественной безопасности | B60: 01 | C60: 13 | D60: 31 | E60: 0 | F60: 00 | G60: 42300
A61: Прочая закупка товаров, работ и услуг | B61: 01 | C61: 13 | D61: 31 | E61: 0 | F61: 00 | G61: 42300 | H61: 244
A62: Национальная оборона | B62: 02 | I62: =I63 -> 78.7 | J62: =J63 -> 78.8 | K62: =K63 -> 80.6
A63: Мобилизационная и вневойсковая подготовка | B63: 02 | C63: 03 | I63: =I64 -> 78.7 | J63: =J64 -> 78.8 | K63: =K64 -> 80.6
A64: Непрограммные расходы главных распорядителей средств бюджета Паевского сельского поселения Кадошкинского муниципального района Республики Мордовия | B64: 02 | C64: 03 | D64: 89 | I64: =I65 -> 78.7 | J64: =J65 -> 78.8 | K64: =K65 -> 80.6
A65: Непрограммные расходы в рамках обеспечения деятельности главных распорядителей средств бюджета Паевского сельского поселения Кадошкинского муниципального района Республики Мордовия | B65: 02 | C65: 03 | D65: 89 | E65: 1 | I65: =I66 -> 78.7 | J65: =J66 -> 78.8 | K65: =K66 -> 80.6
A66: Осуществление первичного воинского учета на территориях, где отсутствуют военные комиссариаты | B66: 02 | C66: 03 | D66: 89 | E66: 1 | F66: 00 | G66: 51180 | I66: =I67+I69 -> 78.7 | J66: =J67+J69 -> 78.8 | K66: =K67+K69 -> 80.6
A67: Расходы на выплаты персоналу в целях обеспечения выполнения функций государственными (муниципальными) органами, казенными учреждениями, органами управления государственными внебюджетными фондами | B67: 02 | C67: 03 | D67: 89 | E67: 1 | F67: 00 | G67: 51180 | H67: 100 | I67: =I68 -> 74.8 | J67: =J68 -> 74.8 | K67: =K68 -> 76.6
A68: Расходы на выплаты персоналу государственных (муниципальных) органов | B68: 02 | C68: 03 | D68: 89 | E68: 1 | F68: 00 | G68: 51180 | H68: 120 | I68: ='Прил 5'!J69 -> 74.8 | J68: ='Прил 5'!K69 -> 74.8 | K68: ='Прил 5'!L69 -> 76.6
A69: Закупка товаров, работ и услуг для обеспечения государственных (муниципальных) нужд | B69: 02 | C69: 03 | D69: 89 | E69: 1 | F69: 00 | G69: 51180 | H69: 200 | I69: =I70 -> 3.9 | J69: =J70 -> 4 | K69: =K70 -> 4
A70: Иные закупки товаров, работ и услуг для обеспечения государственных (муниципальных) нужд | B70: 02 | C70: 03 | D70: 89 | E70: 1 | F70: 00 | G70: 51180 | H70: 240 | I70: ='Прил 5'!J71 -> 3.9 | J70: ='Прил 5'!K71 -> 4 | K70: ='Прил 5'!L71 -> 4
A71: Национальная экономика | B71: 04 | I71: =I72 -> 359.4 | J71: =J72 -> 385.3 | K71: =K72 -> 414
A72: Дорожное хозяйство (дорожные фонды) | B72: 04 | C72: 09 | I72: =I73 -> 359.4 | J72: =J73 -> 385.3 | K72: =K73 -> 414
A73: Непрограммные расходы главных распорядителей средств бюджета Паевского сельского поселения Кадошкинского муниципального района Республики Мордовия | B73: 04 | C73: 09 | D73: 89 | I73: =I74 -> 359.4 | J73: =J75 -> 385.3 | K73: =K75 -> 414
A74: Непрограммные расходы в рамках обеспечения деятельности главных распорядителей средств бюджета Паевского сельского поселения Кадошкинского муниципального района Республики Мордовия | B74: 04 | C74: 09 | D74: 89 | E74: 1 | I74: =I75 -> 359.4
A75: Осуществление полномочий по дорожной деятельности в отношении автомобильных дорог местного значения в границах населенных пунктов поселения и обеспечению безопасности дорожного движения на них | B75: 04 | C75: 09 | D75: 89 | E75: 1 | F75: 00 | G75: 44102 | I75: =I76 -> 359.4 | J75: =J76 -> 385.3 | K75: =K76 -> 414
A76: Закупка товаров, работ и услуг для обеспечения государственных (муниципальных) нужд | B76: 04 | C76: 09 | D76: 89 | E76: 1 | F76: 00 | G76: 44102 | H76: 200 | I76: =I77 -> 359.4 | J76: =J77 -> 385.3 | K76: =K77 -> 414
A77: Иные закупки товаров, работ и услуг для обеспечения государственных (муниципальных) нужд | B77: 04 | C77: 09 | D77: 89 | E77: 1 | F77: 00 | G77: 44102 | H77: 240 | I77: ='Прил 5'!J78 -> 359.4 | J77: ='Прил 5'!K78 -> 385.3 | K77: ='Прил 5'!L78 -> 414
A78: Жилищно-коммунальное хозяйство | B78: 05 | I78: =I79+I88 -> 831.63333 | J78: =J79+J88 -> 18.2 | K78: =K79+K88 -> 18.4
A79: Коммунальное хозяйство | B79: 05 | C79: 02 | I79: =I80 -> 758.73333 | J79: =J80 -> 0.4 | K79: =K80 -> 0.4
A80: Непрограммные расходы главных распорядителей средств бюджета Паевского сельского поселения Кадошкинского муниципального района Республики Мордовия | B80: 05 | C80: 02 | D80: 89 | I80: =I81 -> 758.73333 | J80: =J81 -> 0.4 | K80: =K81 -> 0.4
A81: Непрограммные расходы в рамках обеспечения деятельности главных распорядителей средств бюджета Паевского сельского поселения Кадошкинского муниципального района Республики Мордовия | B81: 05 | C81: 02 | D81: 89 | E81: 1 | I81: =I82+I85 -> 758.73333 | J81: =J82+J85 -> 0.4 | K81: =K82+K85 -> 0.4
A82: Развитие водоснабжения на сельских территориях | B82: 05 | C82: 02 | D82: 89 | E82: 1 | F82: 00 | G82: L5767 | I82: =I83 -> 758.33333 | J82: =J83 -> 0 | K82: =K83 -> 0
A83: Капитальные вложения в объекты государственной (муниципальной) собственности | B83: 05 | C83: 02 | D83: 89 | E83: 1 | F83: 00 | G83: L5767 | H83: 400 | I83: =I84 -> 758.33333 | J83: =J84 -> 0 | K83: =K84 -> 0
A84: Бюджетные инвестиции | B84: 05 | C84: 02 | D84: 89 | E84: 1 | F84: 00 | G84: L5767 | H84: 410 | I84: ='Прил 5'!J85 -> 758.33333 | J84: ='Прил 5'!K85 -> 0 | K84: ='Прил 5'!L85 -> 0
A85: Осуществление полномочий по организации в границах поселений электро-, тепло-, газо- и водоснабжения населения, водоотведения в пределах полномочий, установленных законодательством Российской Федерации | B85: 05 | C85: 02 | D85: 89 | E85: 1 | F85: 00 | G85: 44101 | I85: =I86 -> 0.4 | J85: =J86 -> 0.4 | K85: =K86 -> 0.4
A86: Закупка товаров, работ и услуг для обеспечения государственных (муниципальных) нужд | B86: 05 | C86: 02 | D86: 89 | E86: 1 | F86: 00 | G86: 44101 | H86: 200 | I86: =I87 -> 0.4 | J86: =J87 -> 0.4 | K86: =K87 -> 0.4
A87: Иные закупки товаров, работ и услуг для обеспечения государственных (муниципальных) нужд | B87: 05 | C87: 02 | D87: 89 | E87: 1 | F87: 00 | G87: 44101 | H87: 240 | I87: ='Прил 5'!J88 -> 0.4 | J87: ='Прил 5'!K88 -> 0.4 | K87: ='Прил 5'!L88 -> 0.4
A88: Благоустройство | B88: 05 | C88: 03 | I88: =I89 -> 72.9 | J88: =J89 -> 17.8 | K88: =K89 -> 18
A89: Непрограммные расходы главных распорядителей средств бюджета Паевского сельского поселения Кадошкинского муниципального района Республики Мордовия | B89: 05 | C89: 03 | D89: 89 | I89: =I90 -> 72.9 | J89: =J90 -> 17.8 | K89: =K90 -> 18
A90: Непрограммные расходы в рамках обеспечения деятельности главных распорядителей средств бюджета Паевского сельского поселения Кадошкинского муниципального района Республики Мордовия | D90: 89 | E90: 1 | I90: =I91+I94 -> 72.9 | J90: =J91+J94 -> 17.8 | K90: =K91+K94 -> 18
A91: Уличное освещение | B91: 05 | C91: 03 | D91: 89 | E91: 1 | F91: 00 | G91: 43010 | I91: =I92 -> 52.8 | J91: =J92 -> 10.8 | K91: =K92 -> 11
A92: Закупка товаров, работ и услуг для обеспечения государственных (муниципальных) нужд | B92: 05 | C92: 03 | D92: 89 | E92: 1 | F92: 00 | G92: 43010 | H92: 200 | I92: =I93 -> 52.8 | J92: =J93 -> 10.8 | K92: =K93 -> 11
A93: Иные закупки товаров, работ и услуг для обеспечения государственных (муниципальных) нужд | B93: 05 | C93: 03 | D93: 89 | E93: 1 | F93: 00 | G93: 43010 | H93: 240 | I93: ='Прил 5'!J94 -> 52.8 | J93: ='Прил 5'!K94 -> 10.8 | K93: ='Прил 5'!L94 -> 11
A94: Прочие мероприятия по благоустройству | B94: 05 | C94: 03 | D94: 89 | E94: 1 | F94: 00 | G94: 43040 | I94: =I95 -> 20.1 | J94: =J95 -> 7 | K94: =K95 -> 7
A95: Закупка товаров, работ и услуг для обеспечения государственных (муниципальных) нужд | B95: 05 | C95: 03 | D95: 89 | E95: 1 | F95: 00 | G95: 43040 | H95: 200 | I95: =I96 -> 20.1 | J95: =J96 -> 7 | K95: =K96 -> 7
A96: Иные закупки товаров, работ и услуг для обеспечения государственных (муниципальных) нужд | B96: 05 | C96: 03 | D96: 89 | E96: 1 | F96: 00 | G96: 43040 | H96: 240 | I96: ='Прил 5'!J97 -> 20.1 | J96: ='Прил 5'!K97 -> 7 | K96: ='Прил 5'!L97 -> 7
A97: Социальная политика | B97: 10 | I97: =I98 -> 66.4 | J97: =J98 -> 69.1 | K97: =K98 -> 71.3
A98: Пенсионное обеспечение | B98: 10 | C98: 01 | I98: =I99 -> 66.4 | J98: =J99 -> 69.1 | K98: =K99 -> 71.3
A99: Непрограммные расходы главных распорядителей средств бюджета Паевского сельского поселения Кадошкинского муниципального района Республики Мордовия | B99: 10 | C99: 01 | D99: 89 | I99: =I100 -> 66.4 | J99: =J100 -> 69.1 | K99: =K100 -> 71.3
A100: Непрограммные расходы в рамках обеспечения деятельности главных распорядителей средств бюджета Паевского сельского поселения Кадошкинского муниципального района Республики Мордовия | B100: 10 | C100: 01 | D100: 89 | E100: 1 | I100: =I101 -> 66.4 | J100: =J101 -> 69.1 | K100: =K101 -> 71.3
A101: Доплаты к пенсиям муниципальных служащих Республики Мордовия | B101: 10 | C101: 01 | D101: 89 | E101: 1 | F101: 00 | G101: 03010 | I101: =I102 -> 66.4 | J101: =J102 -> 69.1 | K101: =K102 -> 71.3
A102: Социальное обеспечение и иные выплаты населению | B102: 10 | C102: 01 | D102: 89 | E102: 1 | F102: 00 | G102: 03010 | H102: 300 | I102: =I103 -> 66.4 | J102: =J103 -> 69.1 | K102: =K103 -> 71.3
...

Sheet Прил 5
H1: Приложение 5
A3: ВЕДОМСТВЕННАЯ СТРУКТУРА РАСХОДОВ БЮДЖЕТА ПАЕВСКОГО СЕЛЬСКОГО ПОСЕЛЕНИЯ КАДОШКИНСКОГО МУНИЦИПАЛЬНОГО РАЙОНА РЕСПУБЛИКИ МОРДОВИЯ НА 2020 ГОД И НА ПЛАНОВЫЙ ПЕРИОД 2021 И 2022 ГОДОВ
A5: Наименование | B5: Адм | C5: Рз | D5: ПРз | E5: ЦСР | I5: ВР | J5: Сумма (тыс. рублей)
J6: 2020 год | K6: 2021 год | L6: 2022 год
A7: 1 | B7: 2 | C7: 3 | D7: 4 | E7: 5 | F7: 6 | G7: 7 | H7: 8 | I7: 9 | J7: 10 | K7: 11 | L7: 12
A8: ВСЕГО | J8: =J9 -> 2296.8963 | K8: =K9 -> 971.213 | L8: =L9 -> 1000.481
A9: Администрация Паевского сельского поселения Кадошкинского муниципального района Республики Мордовия | B9: 918 | J9: =J10+J63+J72+J79+J98+J105 -> 2296.8963 | K9: =K10+K63+K72+K79+K98+K105 -> 971.213 | L9: =L10+L63+L72+L79+L98+L105 -> 1000.481
A10: Общегосударственные вопросы | B10: 918 | C10: 01 | J10: =J11+J20+J44 -> 959.063 | K10: =K11+K20+K44 -> 418.113 | L10: =L11+L20+L44 -> 414.481
A11: Функционирование высшего должностного лица субъекта Российской Федерации и муниципального образования | B11: 918 | C11: 01 | D11: 02 | J11: =J12 -> 313 | K11: =K12 -> 126.2 | L11: =L12 -> 136.2
A12: Обеспечение деятельности администрации | B12: 918 | C12: 01 | D12: 02 | E12: 65 | J12: =J13 -> 313 | K12: =K13 -> 126.2 | L12: =L13 -> 136.2
A13: Высшее должностное лицо | B13: 918 | C13: 01 | D13: 02 | E13: 65 | F13: 1 | J13: =J14+J17 -> 313 | K13: =K14+K17 -> 126.2 | L13: =L14+L17 -> 136.2
A14: Расходы на выплаты по оплате труда высшего должностного лица | B14: 918 | C14: 01 | D14: 02 | E14: 65 | F14: 1 | G14: 00 | H14: 41150 | J14: =J15 -> 126.1 | K14: =K15 -> 126.2 | L14: =L15 -> 136.2
A15: Расходы на выплаты персоналу в целях обеспечения выполнения функций государственными (муниципальными) органами, казенными учреждениями, органами управления государственными внебюджетными фондами | B15: 918 | C15: 01 | D15: 02 | E15: 65 | F15: 1 | G15: 00 | H15: 41150 | I15: 100 | J15: =J16 -> 126.1 | K15: =K16 -> 126.2 | L15: =L16 -> 136.2
A16: Расходы на выплаты персоналу государственных (муниципальных) органов | B16: 918 | C16: 01 | D16: 02 | E16: 65 | F16: 1 | G16: 00 | H16: 41150 | I16: 120 | J16: 126.1 | K16: 126.2 | L16: 136.2
A17: Субсидии, выплачиваемые в зависимости от выполнения социально-экономических показателей | B17: 918 | C17: 01 | D17: 02 | E17: 65 | F17: 1 | G17: 00 | H17: 44203 | J17: =J18 -> 186.9 | K17: =K18 -> 0 | L17: =L18 -> 0
A18: Расходы на выплаты персоналу в целях обеспечения выполнения функций государственными (муниципальными) органами, казенными учреждениями, органами управления государственными внебюджетными фондами | B18: 918 | C18: 01 | D18: 02 | E18: 65 | F18: 1 | G18: 00 | H18: 44203 | I18: 100 | J18: =J19 -> 186.9 | K18: =K19 -> 0 | L18: =L19 -> 0
A19: Расходы на выплаты персоналу государственных (муниципальных) органов | B19: 918 | C19: 01 | D19: 02 | E19: 65 | F19: 1 | G19: 00 | H19: 44203 | I19: 120 | J19: 186.9 | K19: 0 | L19: 0
A20: Функционирование Правительства Российской Федерации, высших органов исполнительной власти субъектов Российской Федерации, местных администраций | B20: 918 | C20: 01 | D20: 04 | J20: =J21+J39 -> 645.063 | K20: =K21+K39 -> 290.913 | L20: =L21+L39 -> 277.281
A21: Обеспечение деятельности администрации | B21: 918 | C21: 01 | D21: 04 | E21: 65 | J21: =J22 -> 644.963 | K21: =K22 -> 290.813 | L21: =L22 -> 277.181
A22: Непрограммные расходы в рамках обеспечения деятельности администрации | B22: 918 | C22: 01 | D22: 04 | E22: 65 | F22: 2 | J22: =J24+J26+J36+J31 -> 644.963 | K22: =K24+K26+K36 -> 290.813 | L22: =L24+L26+L36 -> 277.181
A23: Расходы на выплаты по оплате труда работников органов местного самоуправления | B23: 918 | C23: 01 | D23: 04 | E23: 65 | F23: 2 | G23: 00 | H23: 41110 | J23: =J24 -> 223.3 | K23: =K24 -> 215.9 | L23: =L24 -> 200.9
A24: Расходы на выплаты персоналу в целях обеспечения выполнения функций государственными (муниципальными) органами, казенными учреждениями, органами управления государственными внебюджетными фондами | B24: 918 | C24: 01 | D24: 04 | E24: 65 | F24: 2 | G24: 00 | H24: 41110 | I24: 100 | J24: =J25 -> 223.3 | K24: =K25 -> 215.9 | L24: =L25 -> 200.9
A25: Расходы на выплаты персоналу государственных (муниципальных) органов | B25: 918 | C25: 01 | D25: 04 | E25: 65 | F25: 2 | G25: 00 | H25: 41110 | I25: 120 | J25: 223.3 | K25: 215.9 | L25: 200.9
A26: Расходы на обеспечение функций органов местного самоуправленя | B26: 918 | C26: 01 | D26: 04 | E26: 65 | F26: 2 | G26: 00 | H26: 41120 | J26: =J27+J29 -> 39 | K26: =K27+K29 -> 63.2 | L26: =L27+L29 -> 64.1
A27: Закупка товаров, работ и услуг для обеспечения государственных (муниципальных) нужд | B27: 918 | C27: 01 | D27: 04 | E27: 65 | F27: 2 | G27: 00 | H27: 41120 | I27: 200 | J27: =J28 -> 0 | K27: =K28 -> 24.2 | L27: =L28 -> 25.1
A28: Иные закупки товаров, работ и услуг для обеспечения государственных (муниципальных) нужд | B28: 918 | C28: 01 | D28: 04 | E28: 65 | F28: 2 | G28: 00 | H28: 41120 | I28: 240 | J28: 0 | K28: 24.2 | L28: 25.1
A29: Иные бюджетные ассигнования | B29: 918 | C29: 01 | D29: 04 | E29: 65 | F29: 2 | G29: 00 | H29: 41120 | I29: 800 | J29: =J30 -> 39 | K29: =K30 -> 39 | L29: =L30 -> 39
A30: Уплата налогов, сборов и иных платежей | B30: 918 | C30: 01 | D30: 04 | E30: 65 | F30: 2 | G30: 00 | H30: 41120 | I30: 850 | J30: 39 | K30: 39 | L30: 39
A31: Субсидии, выплачиваемые в зависимости от выполнения социально-экономических показателей | B31: 918 | C31: 01 | D31: 04 | E31: 65 | F31: 2 | G31: 00 | H31: 44203 | J31: =J32+J34 -> 371.4 | K31: =K32+K34 -> 0 | L31: =L32+L34 -> 0
A32: Расходы на выплаты персоналу в целях обеспечения выполнения функций государственными (муниципальными) органами, казенными учреждениями, органами управления государственными внебюджетными фондами | B32: 918 | C32: 01 | D32: 04 | E32: 65 | F32: 2 | G32: 00 | H32: 44203 | I32: 100 | J32: =J33 -> 300 | K32: =K33 -> 0 | L32: =L33 -> 0
A33: Расходы на выплаты персоналу государственных (муниципальных) органов | B33: 918 | C33: 01 | D33: 04 | E33: 65 | F33: 2 | G33: 00 | H33: 44203 | I33: 120 | J33: 300 | K33: 0 | L33: 0
A34: Закупка товаров, работ и услуг для обеспечения государственных (муниципальных) нужд | B34: 918 | C34: 01 | D34: 04 | E34: 65 | F34: 2 | G34: 00 | H34: 44203 | I34: 200 | J34: =J35 -> 71.4 | K34: =K35 -> 0 | L34: =L35 -> 0
A35: Иные закупки товаров, работ и услуг для обеспечения государственных (муниципальных) нужд | B35: 918 | C35: 01 | D35: 04 | E35: 65 | F35: 2 | G35: 00 | H35: 44203 | I35: 240 | J35: 71.4 | K35: 0 | L35: 0
A36: Осуществление полномочий по составлению и рассмотрению проекта бюджета поселения, утверждениюи исполнению бюджета поселения, осуществлюнию контроля заего исполнением, составлению и утверждению отчета об исполнении бюджета поселения | B36: 918 | C36: 01 | D36: 04 | E36: 65 | F36: 2 | G36: 00 | H36: 44501 | J36: =J37 -> 11.263 | K36: =K37 -> 11.713 | L36: =L37 -> 12.181
A37: Межбюджетные трансферты | B37: 918 | C37: 01 | D37: 04 | E37: 65 | F37: 2 | G37: 00 | H37: 44501 | I37: 500 | J37: =J38 -> 11.263 | K37: =K38 -> 11.713 | L37: =L38 -> 12.181
A38: Иные межбюджетные трансферты | B38: 918 | C38: 01 | D38: 04 | E38: 65 | F38: 2 | G38: 00 | H38: 44501 | I38: 540 | J38: 11.263 | K38: 11.713 | L38: 12.181
A39: Непрограммные расходы главных распорядителей средств бюджета Паевского сельского поселения Кадошкинского муниципального района Республики Мордовия | B39: 918 | C39: 01 | D39: 04 | E39: 89 | J39: =J40 -> 0.1 | K39: =K40 -> 0.1 | L39: =L40 -> 0.1
A40: Непрограммные расходы в рамках обеспечения деятельности главных распорядителей средств бюджета Паевского сельского поселения Кадошкинского муниципального района Республики Мордовия | B40: 918 | C40: 01 | D40: 04 | E40: 89 | F40: 1 | J40: =J41 -> 0.1 | K40: =K41 -> 0.1 | L40: =L41 -> 0.1
A41: Осуществление государственных полномочий Республики Мордовия по определению перечня должностных лиц, уполномоченных составлять протоколы об административных правонарушениях, предусмотренных Законом Республики Мордовия от 15 июня 2015 года № 38-З "Об административной ответственности на территории Республики Мордовия" | B41: 918 | C41: 01 | D41: 04 | E41: 89 | F41: 1 | G41: 00 | H41: 77150 | J41: =J42 -> 0.1 | K41: =K42 -> 0.1 | L41: =L42 -> 0.1
A42: Закупка товаров, работ и услуг для обеспечения государственных (муниципальных) нужд | B42: 918 | C42: 01 | D42: 04 | E42: 89 | F42: 1 | G42: 00 | H42: 77150 | I42: 200 | J42: =J43 -> 0.1 | K42: =K43 -> 0.1 | L42: =L43 -> 0.1
A43: Иные закупки товаров, работ и услуг для обеспечения государственных (муниципальных) нужд | B43: 918 | C43: 01 | D43: 04 | E43: 89 | F43: 1 | G43: 00 | H43: 77150 | I43: 240 | J43: 0.1 | K43: 0.1 | L43: 0.1
A44: Резервные фонды | B44: 918 | C44: 01 | D44: 11 | J44: =J45 -> 1 | K44: =K45 -> 1 | L44: =L45 -> 1
A45: Непрограммные расходы главных распорядителей средств бюджета Паевского сельского поселения Кадошкинского муниципального района Республики Мордовия | B45: 918 | C45: 01 | D45: 11 | E45: 89 | J45: =J46 -> 1 | K45: =K46 -> 1 | L45: =L46 -> 1
A46: Непрограммные расходы в рамках обеспечения деятельности главных распорядителей средств бюджета Паевского сельского поселения Кадошкинского муниципального района Республики Мордовия | B46: 918 | C46: 01 | D46: 11 | E46: 89 | F46: 1 | J46: =J47 -> 1 | K46: =K47 -> 1 | L46: =L47 -> 1
A47: Резервный фонд администрации Паевского сельского поселения Кадошкинского муниципального района Республики Мордовия | B47: 918 | C47: 01 | D47: 11 | E47: 89 | F47: 1 | G47: 00 | H47: 41180 | J47: =J48 -> 1 | K47: =K48 -> 1 | L47: =L48 -> 1
A48: Иные бюджетные ассигнования | B48: 918 | C48: 01 | D48: 11 | E48: 89 | F48: 1 | G48: 00 | H48: 41180 | I48: 800 | J48: =J49 -> 1 | K48: =K49 -> 1 | L48: =L49 -> 1
A49: Резервные средства | B49: 918 | C49: 01 | D49: 11 | E49: 89 | F49: 1 | G49: 00 | H49: 41180 | I49: 870 | J49: 1 | K49: 1 | L49: 1
A50: Другие общегосударственные вопросы | B50: 918 | C50: 01 | D50: 13 | J50: =J51+J54+J57+J60 -> 4.5
A51: Программа "Развитие муниципальной службы в Паевском сельском поселении на 2019-2022г.г." | B51: 918 | C51: 01 | D51: 13 | E51: 01 | J51: =J52 -> 1.5
A52: Подготовка, переподготовка и повышение квалификации кадров | B52: 918 | C52: 01 | D52: 13 | E52: 01 | F52: 0 | G52: 00 | H52: 41250 | J52: =J53 -> 1.5
A53: Прочая закупка товаров, работ и услуг | B53: 918 | C53: 01 | D53: 13 | E53: 01 | F53: 0 | G53: 00 | H53: 41250 | I53: 244 | J53: 1.5
A54: Противопожарная безопасность на территории Паевского сельского поселения на 2019-2020г.г. | B54: 918 | C54: 01 | D54: 13 | E54: 08 | J54: =J55 -> 1
A55: Мероприятия по обеспечению пожарной безопасности | B55: 918 | C55: 01 | D55: 13 | E55: 08 | F55: 0 | G55: 00 | H55: 42120 | J55: =J56 -> 1
A56: Прочая закупка товаров, работ и услуг | B56: 918 | C56: 01 | D56: 13 | E56: 08 | F56: 0 | G56: 00 | H56: 42120 | I56: 244 | J56: 1
A57: Гармонизация межнациональных и межконфессиальных отношений в Паевском сельском поселении на 2016-2020г.г. | B57: 918 | C57: 01 | D57: 13 | E57: 24 | J57: =J58 -> 1
A58: Мероприятия, направленные на развитие межнациональных отношений | B58: 918 | C58: 01 | D58: 13 | E58: 24 | F58: 0 | G58: 00 | H58: 42310 | J58: =J59 -> 1
A59: Прочая закупка товаров, работ и услуг | B59: 918 | C59: 01 | D59: 13 | E59: 24 | F59: 0 | G59: 00 | H59: 42310 | I59: 244 | J59: 1
A60: Программа по противодействию терроризму и экстремизму на территории Паевского сельского поселения на 2019-2020г.г. | B60: 918 | C60: 01 | D60: 13 | E60: 31 | J60: =J61 -> 1
A61: Мероприятия по укреплению общественного порядка и обеспечению общественной безопасности | B61: 918 | C61: 01 | D61: 13 | E61: 31 | F61: 0 | G61: 00 | H61: 42300 | J61: =J62 -> 1
A62: Прочая закупка товаров, работ и услуг | B62: 918 | C62: 01 | D62: 13 | E62: 31 | F62: 0 | G62: 00 | H62: 42300 | I62: 244 | J62: 1
A63: Национальная оборона | B63: 918 | C63: 02 | J63: =J64 -> 78.7 | K63: =K64 -> 78.8 | L63: =L64 -> 80.6
A64: Мобилизационная и вневойсковая подготовка | B64: 918 | C64: 02 | D64: 03 | J64: =J67 -> 78.7 | K64: =K67 -> 78.8 | L64: =L67 -> 80.6
A65: Непрограммные расходы главных распорядителей средств бюджета Паевского сельского поселения Кадошкинского муниципального района Республики Мордовия | B65: 918 | C65: 02 | D65: 03 | E65: 89 | J65: =J66 -> 78.7 | K65: =K66 -> 78.8 | L65: =L66 -> 80.6
A66: Непрограммные расходы в рамках обеспечения деятельности главных распорядителей средств бюджета Паевского сельского поселения Кадошкинского муниципального района Республики Мордовия | B66: 918 | C66: 02 | D66: 03 | E66: 89 | F66: 1 | J66: =J67 -> 78.7 | K66: =K67 -> 78.8 | L66: =L67 -> 80.6
A67: Осуществление первичного воинского учета на территориях, где отсутствуют военные комиссариаты | B67: 918 | C67: 02 | D67: 03 | E67: 89 | F67: 1 | G67: 00 | H67: 51180 | J67: =J68+J70 -> 78.7 | K67: =K68+K70 -> 78.8 | L67: =L68+L70 -> 80.6
A68: Расходы на выплаты персоналу в целях обеспечения выполнения функций государственными (муниципальными) органами, казенными учреждениями, органами управления государственными внебюджетными фондами | B68: 918 | C68: 02 | D68: 03 | E68: 89 | F68: 1 | G68: 00 | H68: 51180 | I68: 100 | J68: =J69 -> 74.8 | K68: =K69 -> 74.8 | L68: =L69 -> 76.6
A69: Расходы на выплаты персоналу государственных (муниципальных) органов | B69: 918 | C69: 02 | D69: 03 | E69: 89 | F69: 1 | G69: 00 | H69: 51180 | I69: 120 | J69: 74.8 | K69: 74.8 | L69: 76.6
A70: Закупка товаров, работ и услуг для обеспечения государственных (муниципальных) нужд | B70: 918 | C70: 02 | D70: 03 | E70: 89 | F70: 1 | G70: 00 | H70: 51180 | I70: 200 | J70: =J71 -> 3.9 | K70: =K71 -> 4 | L70: =L71 -> 4
A71: Иные закупки товаров, работ и услуг для обеспечения государственных (муниципальных) нужд | B71: 918 | C71: 02 | D71: 03 | E71: 89 | F71: 1 | G71: 00 | H71: 51180 | I71: 240 | J71: 3.9 | K71: 4 | L71: 4
A72: Национальная экономика | B72: 918 | C72: 04 | J72: =J73 -> 359.4 | K72: =K73 -> 385.3 | L72: =L73 -> 414
A73: Дорожное хозяйство (дорожные фонды) | B73: 918 | C73: 04 | D73: 09 | J73: =J74 -> 359.4 | K73: =K74 -> 385.3 | L73: =L74 -> 414
A74: Непрограммные расходы главных распорядителей средств бюджета Паевского сельского поселения Кадошкинского муниципального района Республики Мордовия | B74: 918 | C74: 04 | D74: 09 | E74: 89 | J74: =J76 -> 359.4 | K74: =K76 -> 385.3 | L74: =L76 -> 414
A75: Непрограммные расходы в рамках обеспечения деятельности главных распорядителей средств бюджета Паевского сельского поселения Кадошкинского муниципального района Республики Мордовия | B75: 918 | C75: 04 | D75: 09 | E75: 89 | F75: 1
A76: Осуществление полномочий по дорожной деятельности в отношении автомобильных дорог местного значения в границах населенных пунктов поселения и обеспечению безопасности дорожного движения на них | B76: 918 | C76: 04 | D76: 09 | E76: 89 | F76: 1 | G76: 00 | H76: 44102 | J76: =J77 -> 359.4 | K76: =K77 -> 385.3 | L76: =L77 -> 414
A77: Закупка товаров, работ и услуг для обеспечения государственных (муниципальных) нужд | B77: 918 | C77: 04 | D77: 09 | E77: 89 | F77: 1 | G77: 00 | H77: 44102 | I77: 200 | J77: =J78 -> 359.4 | K77: =K78 -> 385.3 | L77: =L78 -> 414
A78: Иные закупки товаров, работ и услуг для обеспечения государственных (муниципальных) нужд | B78: 918 | C78: 04 | D78: 09 | E78: 89 | F78: 1 | G78: 00 | H78: 44102 | I78: 240 | J78: 359.4 | K78: 385.3 | L78: 414
A79: Жилищно-коммунальное хозяйство | B79: 918 | C79: 05 | J79: =J80+J89 -> 831.63333 | K79: =K80+K89 -> 18.2 | L79: =L80+L89 -> 18.4
A80: Коммунальное хозяйство | B80: 918 | C80: 05 | D80: 02 | J80: =J81+J86 -> 758.73333 | K80: =K81+K86 -> 0.4 | L80: =L81+L86 -> 0.4
A81: Непрограммные расходы главных распорядителей средств бюджета Паевского сельского поселения Кадошкинского муниципального района Республики Мордовия | B81: 918 | C81: 05 | D81: 02 | E81: 89 | J81: =J83 -> 758.33333 | K81: =K83 -> 0 | L81: =L83 -> 0
A82: Непрограммные расходы в рамках обеспечения деятельности главных распорядителей средств бюджета Паевского сельского поселения Кадошкинского муниципального района Республики Мордовия | B82: 918 | C82: 05 | D82: 02 | E82: 89 | F82: 1 | J82: =J83 -> 758.33333 | K82: =K83 -> 0 | L82: =L83 -> 0
A83: Развитие водоснабжения на сельских территориях | B83: 918 | C83: 05 | D83: 02 | E83: 89 | F83: 1 | G83: 00 | H83: L5767 | J83: =J84 -> 758.33333 | K83: =K84 -> 0 | L83: =L84 -> 0
A84: Капитальные вложения в объекты государственной (муниципальной) собственности | B84: 918 | C84: 05 | D84: 02 | E84: 89 | F84: 1 | G84: 00 | H84: L5767 | I84: 400 | J84: =J85 -> 758.33333 | K84: =K85 -> 0 | L84: =L85 -> 0
A85: Бюджетные инвестиции | B85: 918 | C85: 05 | D85: 02 | E85: 89 | F85: 1 | G85: 00 | H85: L5767 | I85: 410 | J85: =750.75+7.58333 -> 758.33333 | K85: 0 | L85: 0
A86: Осуществление полномочий по организации в границах поселений электро-, тепло-, газо- и водоснабжения населения, водоотведения в пределах полномочий, установленных законодательством Российской Федерации | B86: 918 | C86: 05 | D86: 02 | E86: 89 | F86: 1 | G86: 00 | H86: 44101 | J86: =J87 -> 0.4 | K86: =K87 -> 0.4 | L86: =L87 -> 0.4
A87: Закупка товаров, работ и услуг для обеспечения государственных (муниципальных) нужд | B87: 918 | C87: 05 | D87: 02 | E87: 89 | F87: 1 | G87: 00 | H87: 44101 | I87: 200 | J87: =J88 -> 0.4 | K87: =K88 -> 0.4 | L87: =L88 -> 0.4
A88: Иные закупки товаров, работ и услуг для обеспечения государственных (муниципальных) нужд | B88: 918 | C88: 05 | D88: 02 | E88: 89 | F88: 1 | G88: 00 | H88: 44101 | I88: 240 | J88: 0.4 | K88: 0.4 | L88: 0.4
A89: Благоустройство | B89: 918 | C89: 05 | D89: 03 | J89: =J90 -> 72.9 | K89: =K90 -> 17.8 | L89: =L90 -> 18
A90: Непрограммные расходы главных распорядителей средств бюджета Паевского сельского поселения Кадошкинского муниципального района Республики Мордовия | B90: 918 | C90: 05 | D90: 03 | E90: 89 | J90: =J92+J95 -> 72.9 | K90: =K92+K95 -> 17.8 | L90: =L92+L95 -> 18
A91: Непрограммные расходы в рамках обеспечения деятельности главных распорядителей средств бюджета Паевского сельского поселения Кадошкинского муниципального района Республики Мордовия | B91: 918 | C91: 05 | D91: 03 | E91: 89 | F91: 1 | J91: =J92+J95 -> 72.9 | K91: =K92+K95 -> 17.8 | L91: =L92+L95 -> 18
A92: Уличное освещение | B92: 918 | C92: 05 | D92: 03 | E92: 89 | F92: 1 | G92: 00 | H92: 43010 | J92: =J93 -> 52.8 | K92: =K93 -> 10.8 | L92: =L93 -> 11
A93: Закупка товаров, работ и услуг для обеспечения государственных (муниципальных) нужд | B93: 918 | C93: 05 | D93: 03 | E93: 89 | F93: 1 | G93: 00 | H93: 43010 | I93: 200 | J93: =J94 -> 52.8 | K93: =K94 -> 10.8 | L93: =L94 -> 11
A94: Иные закупки товаров, работ и услуг для обеспечения государственных (муниципальных) нужд | B94: 918 | C94: 05 | D94: 03 | E94: 89 | F94: 1 | G94: 00 | H94: 43010 | I94: 240 | J94: 52.8 | K94: 10.8 | L94: 11
A95: Прочие мероприятия по благоустройству | B95: 918 | C95: 05 | D95: 03 | E95: 89 | F95: 1 | G95: 00 | H95: 43040 | J95: =J96 -> 20.1 | K95: =K96 -> 7 | L95: =L96 -> 7
A96: Закупка товаров, работ и услуг для обеспечения государственных (муниципальных) нужд | B96: 918 | C96: 05 | D96: 03 | E96: 89 | F96: 1 | G96: 00 | H96: 43040 | I96: 200 | J96: =J97 -> 20.1 | K96: =K97 -> 7 | L96: =L97 -> 7
A97: Иные закупки товаров, работ и услуг для обеспечения государственных (муниципальных) нужд | B97: 918 | C97: 05 | D97: 03 | E97: 89 | F97: 1 | G97: 00 | H97: 43040 | I97: 240 | J97: 20.1 | K97: 7 | L97: 7
A98: Социальная политика | B98: 918 | C98: 10 | J98: =J99 -> 66.4 | K98: =K99 -> 69.1 | L98: =L99 -> 71.3
A99: Пенсионное обеспечение | B99: 918 | C99: 10 | D99: 01 | J99: =J100 -> 66.4 | K99: =K100 -> 69.1 | L99: =L100 -> 71.3
A100: Непрограммные расходы главных распорядителей средств бюджета Паевского сельского поселения Кадошкинского муниципального района Республики Мордовия | B100: 918 | C100: 10 | D100: 01 | E100: 89 | J100: =J101 -> 66.4 | K100: =K101 -> 69.1 | L100: =L101 -> 71.3
A101: Непрограммные расходы в рамках обеспечения деятельности главных распорядителей средств бюджета Паевского сельского поселения Кадошкинского муниципального района Республики Мордовия | B101: 918 | C101: 10 | D101: 01 | E101: 89 | F101: 1 | J101: =J102 -> 66.4 | K101: =K102 -> 69.1 | L101: =L102 -> 71.3
A102: Доплаты к пенсиям муниципальных служащих Республики Мордовия | B102: 918 | C102: 10 | D102: 01 | E102: 89 | F102: 1 | G102: 00 | H102: 03010 | J102: =J103 -> 66.4 | K102: =K103 -> 69.1 | L102: =L103 -> 71.3
...

Sheet Прил 6
I1: Приложение 6
A3: РАСПРЕДЕЛЕНИЕ БЮДЖЕТНЫХ АССИГНОВАНИЙ БЮДЖЕТА ПАЕВСКОГО СЕЛЬСКОГО ПОСЕЛЕНИЯ КАДОШКИНСКОГО МУНИЦИПАЛЬНОГО РАЙОНА РЕСПУБЛИКИ МОРДОВИЯ ПО ЦЕЛЕВЫМ СТАТЬЯМ, ГРУППАМ (ГРУППАМ И ПОДГРУППАМ) ВИДОВ РАСХОДОВ КЛАССИФИКАЦИИ РАСХОДОВ БЮДЖЕТОВ, А ТАКЖЕ ПО РАЗДЕЛАМ И ПОДРАЗДЕЛАМ КЛАССИФИКАЦИИ РАСХОДОВ БЮДЖЕТОВ НА 2020 ГОД И НА ПЛАНОВЫЙ ПЕРИОД 2021 И 2022 ГОДОВ
A5: Наименование | B5: ЦСР | F5: ВР | G5: Рз | H5: ПРз | I5: Адм | J5: Сумма (тыс. рублей)
J6: 2020 год | K6: 2021 год | L6: 2022 год
A7: 1 | B7: 2 | C7: 3 | D7: 4 | E7: 5 | F7: 6 | G7: 7 | H7: 8 | I7: 9 | J7: 10 | K7: 11 | L7: 12
A8: ВСЕГО | J8: =J9+J58 -> 2296.8963 | K8: =K9+K58 -> 971.213 | L8: =L9+L58 -> 1000.481
A9: Обеспечение деятельности администрации | B9: 65 | J9: =J10+J23 -> 957.963 | K9: =K10+K23 -> 417.013 | L9: =L10+L23 -> 413.381
A10: Высшее должностное лицо | B10: 65 | C10: 1 | J10: =J11+J17 -> 313 | K10: =K11+K17 -> 126.2 | L10: =L11+L17 -> 136.2
A11: Расходы на выплаты по оплате труда высшего должностного лица муниципального образования | B11: 65 | C11: 1 | D11: 00 | E11: 41150 | J11: =J14 -> 126.1 | K11: =K14 -> 126.2 | L11: =L14 -> 136.2
A12: Расходы на выплаты персоналу в целях обеспечения выполнения функций государственными (муниципальными) органами, казенными учреждениями, органами управления государственными внебюджетными фондами | B12: 65 | C12: 1 | D12: 00 | E12: 41150 | F12: 100 | J12: =J13 -> 126.1 | K12: =K13 -> 126.2 | L12: =L13 -> 136.2
A13: Расходы на выплаты персоналу государственных (муниципальных) органов | B13: 65 | C13: 1 | D13: 00 | E13: 41150 | F13: 120 | J13: =J14 -> 126.1 | K13: =K14 -> 126.2 | L13: =L14 -> 136.2
A14: Общегосударственные вопросы | B14: 65 | C14: 1 | D14: 00 | E14: 41150 | F14: 120 | G14: 01 | J14: =J15 -> 126.1 | K14: =K15 -> 126.2 | L14: =L15 -> 136.2
A15: Функционирование высшего должностного лица субъекта Российской Федерации и муниципального образования | B15: 65 | C15: 1 | D15: 00 | E15: 41150 | F15: 120 | G15: 01 | H15: 02 | J15: =J16 -> 126.1 | K15: =K16 -> 126.2 | L15: =L16 -> 136.2
A16: Администрация Паевского сельского поселения Кадошкинского муниципального района Республики Мордовия | B16: 65 | C16: 1 | D16: 00 | E16: 41150 | F16: 120 | G16: 01 | H16: 02 | I16: 918 | J16: ='Прил 5'!J16 -> 126.1 | K16: ='Прил 5'!K16 -> 126.2 | L16: ='Прил 5'!L16 -> 136.2
A17: Субсидии, выплачиваемые в зависимости от выполнения социально-экономических показателей | B17: 65 | C17: 1 | D17: 00 | E17: 44203 | J17: =J18 -> 186.9 | K17: =K18 -> 0 | L17: =L18 -> 0
A18: Расходы на выплаты персоналу в целях обеспечения выполнения функций государственными (муниципальными) органами, казенными учреждениями, органами управления государственными внебюджетными фондами | B18: 65 | C18: 1 | D18: 00 | E18: 44203 | F18: 100 | J18: =J19 -> 186.9 | K18: =K19 -> 0 | L18: =L19 -> 0
A19: Расходы на выплаты персоналу государственных (муниципальных) органов | B19: 65 | C19: 1 | D19: 00 | E19: 44203 | F19: 120 | J19: =J20 -> 186.9 | K19: =K20 -> 0 | L19: =L20 -> 0
A20: Общегосударственные вопросы | B20: 65 | C20: 1 | D20: 00 | E20: 44203 | F20: 120 | G20: 01 | J20: =J21 -> 186.9 | K20: =K21 -> 0 | L20: =L21 -> 0
A21: Функционирование высшего должностного лица субъекта Российской Федерации и муниципального образования | B21: 65 | C21: 1 | D21: 00 | E21: 44203 | F21: 120 | G21: 01 | H21: 02 | J21: =J22 -> 186.9 | K21: =K22 -> 0 | L21: =L22 -> 0
A22: Администрация Паевского сельского поселения Кадошкинского муниципального района Республики Мордовия | B22: 65 | C22: 1 | D22: 00 | E22: 44203 | F22: 120 | G22: 01 | H22: 02 | I22: 918 | J22: ='Прил 5'!J19 -> 186.9 | K22: ='Прил 5'!K19 -> 0 | L22: ='Прил 5'!L19 -> 0
A23: Непрограммные расходы в рамках обеспечения деятельности администрации | B23: 65 | C23: 2 | J23: =J24+J30+J52+J41 -> 644.963 | K23: =K24+K30+K52+K41 -> 290.813 | L23: =L24+L30+L52+L41 -> 277.181
A24: Расходы на выплаты по оплате труда работников органов местного самоуправления | B24: 65 | C24: 2 | D24: 00 | E24: 41110 | J24: =J25 -> 223.3 | K24: =K27 -> 215.9 | L24: =L27 -> 200.9
A25: Расходы на выплаты персоналу в целях обеспечения выполнения функций государственными (муниципальными) органами, казенными учреждениями, органами управления государственными внебюджетными фондами | B25: 65 | C25: 2 | D25: 00 | E25: 41110 | F25: 100 | J25: =J26 -> 223.3 | K25: =K26 -> 215.9 | L25: =L26 -> 200.9
A26: Расходы на выплаты персоналу государственных (муниципальных) органов | B26: 65 | C26: 2 | D26: 00 | E26: 41110 | F26: 120 | J26: =J27 -> 223.3 | K26: =K27 -> 215.9 | L26: =L27 -> 200.9
A27: Общегосударственные вопросы | B27: 65 | C27: 2 | D27: 00 | E27: 41110 | F27: 120 | G27: 01 | J27: =J28 -> 223.3 | K27: =K28 -> 215.9 | L27: =L28 -> 200.9
A28: Функционирование Правительства Российской Федерации, высших органов исполнительной власти субъектов Российской Федерации, местных администраций | B28: 65 | C28: 2 | D28: 00 | E28: 41110 | F28: 120 | G28: 01 | H28: 04 | J28: =J29 -> 223.3 | K28: =K29 -> 215.9 | L28: =L29 -> 200.9
A29: Администрация Паевского сельского поселения Кадошкинского муниципального района Республики Мордовия | B29: 65 | C29: 2 | D29: 00 | E29: 41110 | F29: 120 | G29: 01 | H29: 04 | I29: 918 | J29: ='Прил 5'!J25 -> 223.3 | K29: ='Прил 5'!K25 -> 215.9 | L29: ='Прил 5'!L25 -> 200.9
A30: Расходы на обеспечение функций органов местного самоуправленя | B30: 65 | C30: 2 | D30: 00 | E30: 41120 | J30: =J33+J36 -> 39 | K30: =K33+K36 -> 63.2 | L30: =L33+L36 -> 64.1
A31: Закупка товаров, работ и услуг для обеспечения государственных (муниципальных) нужд | B31: 65 | C31: 2 | D31: 00 | E31: 41120 | F31: 200 | J31: =J32 -> 0 | K31: =K32 -> 24.2 | L31: =L32 -> 25.1
A32: Иные закупки товаров, работ и услуг для обеспечения государственных (муниципальных) нужд | B32: 65 | C32: 2 | D32: 00 | E32: 41120 | F32: 240 | J32: =J33 -> 0 | K32: =K33 -> 24.2 | L32: =L33 -> 25.1
A33: Общегосударственные вопросы | B33: 65 | C33: 2 | D33: 00 | E33: 41120 | F33: 240 | G33: 01 | J33: =J34 -> 0 | K33: =K34 -> 24.2 | L33: =L34 -> 25.1
A34: Функционирование Правительства Российской Федерации, высших органов исполнительной власти субъектов Российской Федерации, местных администраций | B34: 65 | C34: 2 | D34: 00 | E34: 41120 | F34: 240 | G34: 01 | H34: 04 | J34: =J35 -> 0 | K34: =K35 -> 24.2 | L34: =L35 -> 25.1
A35: Администрация Паевского сельского поселения Кадошкинского муниципального района Республики Мордовия | B35: 65 | C35: 2 | D35: 00 | E35: 41120 | F35: 240 | G35: 01 | H35: 04 | I35: 918 | J35: ='Прил 5'!J27 -> 0 | K35: ='Прил 5'!K27 -> 24.2 | L35: ='Прил 5'!L27 -> 25.1
A36: Закупка товаров, работ и услуг для обеспечения государственных (муниципальных) нужд | B36: 65 | C36: 2 | D36: 00 | E36: 41120 | F36: 800 | J36: =J37 -> 39 | K36: =K37 -> 39 | L36: =L37 -> 39
A37: Иные закупки товаров, работ и услуг для обеспечения государственных (муниципальных) нужд | B37: 65 | C37: 2 | D37: 00 | E37: 41120 | F37: 850 | J37: =J38 -> 39 | K37: =K38 -> 39 | L37: =L38 -> 39
A38: Общегосударственные вопросы | B38: 65 | C38: 2 | D38: 00 | E38: 41120 | F38: 850 | G38: 01 | J38: =J39 -> 39 | K38: =K39 -> 39 | L38: =L39 -> 39
A39: Функционирование Правительства Российской Федерации, высших органов исполнительной власти субъектов Российской Федерации, местных администраций | B39: 65 | C39: 2 | D39: 00 | E39: 41120 | F39: 850 | G39: 01 | H39: 04 | J39: =J40 -> 39 | K39: =K40 -> 39 | L39: =L40 -> 39
A40: Администрация Паевского сельского поселения Кадошкинского муниципального района Республики Мордовия | B40: 65 | C40: 2 | D40: 00 | E40: 41120 | F40: 850 | G40: 01 | H40: 04 | I40: 918 | J40: ='Прил 5'!J29 -> 39 | K40: ='Прил 5'!K29 -> 39 | L40: ='Прил 5'!L29 -> 39
A41: Субсидии, выплачиваемые в зависимости от выполнения социально-экономических показателей | B41: 65 | C41: 2 | D41: 00 | E41: 44203 | J41: =J42+J47 -> 371.4 | K41: =K42+K47 -> 0 | L41: =L42+L47 -> 0
A42: Расходы на выплаты персоналу в целях обеспечения выполнения функций государственными (муниципальными) органами, казенными учреждениями, органами управления государственными внебюджетными фондами | B42: 65 | C42: 2 | D42: 00 | E42: 44203 | F42: 100 | J42: =J43 -> 300 | K42: =K43 -> 0 | L42: =L43 -> 0
A43: Расходы на выплаты персоналу государственных (муниципальных) органов | B43: 65 | C43: 2 | D43: 00 | E43: 44203 | F43: 120 | J43: =J44 -> 300 | K43: =K44 -> 0 | L43: =L44 -> 0
A44: Общегосударственные вопросы | B44: 65 | C44: 2 | D44: 00 | E44: 44203 | F44: 120 | G44: 01 | J44: =J45 -> 300 | K44: =K45 -> 0 | L44: =L45 -> 0
A45: Функционирование Правительства Российской Федерации, высших органов исполнительной власти субъектов Российской Федерации, местных администраций | B45: 65 | C45: 2 | D45: 00 | E45: 44203 | F45: 120 | G45: 01 | H45: 04 | J45: =J46 -> 300 | K45: =K46 -> 0 | L45: =L46 -> 0
A46: Администрация Паевского сельского поселения Кадошкинского муниципального района Республики Мордовия | B46: 65 | C46: 2 | D46: 00 | E46: 44203 | F46: 120 | G46: 01 | H46: 04 | I46: 918 | J46: ='Прил 5'!J33 -> 300 | K46: ='Прил 5'!K33 -> 0 | L46: ='Прил 5'!L33 -> 0
A47: Иные закупки товаров, работ и услуг для обеспечения государственных (муниципальных) нужд | B47: 65 | C47: 2 | D47: 00 | E47: 44203 | F47: 200 | J47: =J48 -> 71.4 | K47: =K48 -> 0 | L47: =L48 -> 0
A48: Прочая закупка товаров, работ и услуг | B48: 65 | C48: 2 | D48: 00 | E48: 44203 | F48: 240 | J48: =J49 -> 71.4 | K48: =K49 -> 0 | L48: =L49 -> 0
A49: Общегосударственные вопросы | B49: 65 | C49: 2 | D49: 00 | E49: 44203 | F49: 240 | G49: 01 | J49: =J50 -> 71.4 | K49: =K50 -> 0 | L49: =L50 -> 0
A50: Функционирование Правительства Российской Федерации, высших органов исполнительной власти субъектов Российской Федерации, местных администраций | B50: 65 | C50: 2 | D50: 00 | E50: 44203 | F50: 240 | G50: 01 | H50: 04 | J50: =J51 -> 71.4 | K50: =K51 -> 0 | L50: =L51 -> 0
A51: Администрация Паевского сельского поселения Кадошкинского муниципального района Республики Мордовия | B51: 65 | C51: 2 | D51: 00 | E51: 44203 | F51: 240 | G51: 01 | H51: 04 | I51: 918 | J51: ='Прил 5'!J35 -> 71.4 | K51: ='Прил 5'!K35 -> 0 | L51: ='Прил 5'!L35 -> 0
A52: Осуществление полномочий по составлению и рассмотрению проекта бюджета поселения, утверждениюи исполнению бюджета поселения, осуществлюнию контроля заего исполнением, составлению и утверждению отчета об исполнении бюджета поселения | B52: 65 | C52: 2 | D52: 00 | E52: 44501 | J52: =J55 -> 11.263 | K52: =K55 -> 11.713 | L52: =L55 -> 12.181
A53: Межбюджетные трансферты | B53: 65 | C53: 2 | D53: 00 | E53: 44501 | F53: 500 | J53: =J54 -> 11.263 | K53: =K54 -> 11.713 | L53: =L54 -> 12.181
A54: Иные межбюджетные трансферты | B54: 65 | C54: 2 | D54: 00 | E54: 44501 | F54: 540 | J54: =J55 -> 11.263 | K54: =K55 -> 11.713 | L54: =L55 -> 12.181
A55: Общегосударственные вопросы | B55: 65 | C55: 2 | D55: 00 | E55: 44501 | F55: 540 | G55: 01 | J55: =J56 -> 11.263 | K55: =K56 -> 11.713 | L55: =L56 -> 12.181
A56: Функционирование Правительства Российской Федерации, высших органов исполнительной власти субъектов Российской Федерации, местных администраций | B56: 65 | C56: 2 | D56: 00 | E56: 44501 | F56: 540 | G56: 01 | H56: 04 | J56: =J57 -> 11.263 | K56: =K57 -> 11.713 | L56: =L57 -> 12.181
A57: Администрация Паевского сельского поселения Кадошкинского муниципального района Республики Мордовия | B57: 65 | C57: 2 | D57: 00 | E57: 44501 | F57: 540 | G57: 01 | H57: 04 | I57: 918 | J57: ='Прил 5'!J38 -> 11.263 | K57: ='Прил 5'!K38 -> 11.713 | L57: ='Прил 5'!L38 -> 12.181
A58: Непрограммные расходы главных распорядителей средств бюджета Паевского сельского поселения Кадошкинского муниципального района Республики Мордовия | B58: 89 | J58: =J59 -> 1338.9333 | K58: =K59 -> 554.2 | L58: =L59 -> 587.1
A59: Непрограммные расходы в рамках обеспечения деятельности главных распорядителей средств бюджета Паевского сельского поселения Кадошкинского муниципального района Республики Мордовия | B59: 89 | C59: 1 | J59: =J65+J71+J77+J83+J101+J107+J113+J124+J89+J95+J118 -> 1338.9333 | K59: =K65+K71+K77+K83+K101+K107+K113+K124+K89+K95+K118 -> 554.2 | L59: =L65+L71+L77+L83+L101+L107+L113+L124+L89+L95+L118 -> 587.1
A60: Развитие водоснабжения на сельских территориях | B60: 89 | C60: 1 | D60: 00 | E60: L5767 | J60: =J63 -> 758.33333 | K60: =K63 -> 0 | L60: =L63 -> 0
A61: Капитальные вложения в объекты государственной (муниципальной) собственности | B61: 89 | C61: 1 | D61: 00 | E61: L5767 | F61: 400 | J61: =J62 -> 758.33333 | K61: =K62 -> 0 | L61: =L62 -> 0
A62: Бюджетные инвестиции | B62: 89 | C62: 1 | D62: 00 | E62: L5767 | F62: 410 | J62: =J63 -> 758.33333 | K62: =K63 -> 0 | L62: =L63 -> 0
A63: Жилищно-коммунальное хозяйство | B63: 89 | C63: 1 | D63: 00 | E63: L5767 | F63: 410 | G63: 05 | J63: =J64 -> 758.33333 | K63: =K64 -> 0 | L63: =L64 -> 0
A64: Коммунальное хозяйство | B64: 89 | C64: 1 | D64: 00 | E64: L5767 | F64: 410 | G64: 05 | H64: 02 | J64: =J65 -> 758.33333 | K64: =K65 -> 0 | L64: =L65 -> 0
A65: Администрация Паевского сельского поселения Кадошкинского муниципального района Республики Мордовия | B65: 89 | C65: 1 | D65: 00 | E65: L5767 | F65: 410 | G65: 05 | H65: 02 | I65: 918 | J65: ='Прил 5'!J85 -> 758.33333 | K65: ='Прил 5'!K85 -> 0 | L65: ='Прил 5'!L85 -> 0
A66: Доплаты к пенсиям муниципальных служащих | B66: 89 | C66: 1 | D66: 00 | E66: 03010 | J66: =J69 -> 66.4 | K66: =K69 -> 69.1 | L66: =L69 -> 71.3
A67: Социальное обеспечение и иные выплаты населению | B67: 89 | C67: 1 | D67: 00 | E67: 03010 | F67: 300 | J67: =J68 -> 66.4 | K67: =K68 -> 69.1 | L67: =L68 -> 71.3
A68: Публичные нормативные социальные выплаты гражданам | B68: 89 | C68: 1 | D68: 00 | E68: 03010 | F68: 310 | J68: =J69 -> 66.4 | K68: =K69 -> 69.1 | L68: =L69 -> 71.3
A69: Социальная политика | B69: 89 | C69: 1 | D69: 00 | E69: 03010 | F69: 310 | G69: 10 | J69: =J70 -> 66.4 | K69: =K70 -> 69.1 | L69: =L70 -> 71.3
A70: Пенсионное обеспечение | B70: 89 | C70: 1 | D70: 00 | E70: 03010 | F70: 310 | G70: 10 | H70: 01 | J70: =J71 -> 66.4 | K70: =K71 -> 69.1 | L70: =L71 -> 71.3
A71: Администрация Паевского сельского поселения Кадошкинского муниципального района Республики Мордовия | B71: 89 | C71: 1 | D71: 00 | E71: 03010 | F71: 310 | G71: 10 | H71: 01 | I71: 918 | J71: ='Прил 5'!J104 -> 66.4 | K71: ='Прил 5'!K104 -> 69.1 | L71: ='Прил 5'!L104 -> 71.3
A72: Резервный фонд администрации Паевского сельского поселения Кадошкинского муниципального района Республики Мордовия | B72: 89 | C72: 1 | D72: 00 | E72: 41180 | J72: =J75 -> 1 | K72: =K75 -> 1 | L72: =L75 -> 1
A73: Иные бюджетные ассигнования | B73: 89 | C73: 1 | D73: 00 | E73: 41180 | F73: 800 | J73: =J74 -> 1 | K73: =K74 -> 1 | L73: =L74 -> 1
A74: Резервные средства | B74: 89 | C74: 1 | D74: 00 | E74: 41180 | F74: 870 | J74: =J75 -> 1 | K74: =K75 -> 1 | L74: =L75 -> 1
A75: Общегосударственные вопросы | B75: 89 | C75: 1 | D75: 00 | E75: 41180 | F75: 870 | G75: 01 | J75: =J76 -> 1 | K75: =K76 -> 1 | L75: =L76 -> 1
A76: Резервные фонды | B76: 89 | C76: 1 | D76: 00 | E76: 41180 | F76: 870 | G76: 01 | H76: 11 | J76: =J77 -> 1 | K76: =K77 -> 1 | L76: =L77 -> 1
A77: Администрация Паевского сельского поселения Кадошкинского муниципального района Республики Мордовия | B77: 89 | C77: 1 | D77: 00 | E77: 41180 | F77: 870 | G77: 01 | H77: 11 | I77: 918 | J77: ='Прил 5'!J49 -> 1 | K77: ='Прил 5'!K49 -> 1 | L77: ='Прил 5'!L49 -> 1
A78: Процентные платежи по муниципальному долгу | B78: 89 | C78: 1 | D78: 00 | E78: 41240 | J78: =J81 -> 1.7 | K78: =K81 -> 1.7 | L78: =L81 -> 1.7
A79: Обслуживание государственного (муниципального) долга | B79: 89 | C79: 1 | D79: 00 | E79: 41240 | F79: 700 | J79: =J80 -> 1.7 | K79: =K80 -> 1.7 | L79: =L80 -> 1.7
A80: Обслуживание муниципального долга | B80: 89 | C80: 1 | D80: 00 | E80: 41240 | F80: 730 | J80: =J81 -> 1.7 | K80: =K81 -> 1.7 | L80: =L81 -> 1.7
A81: Обслуживание государственного и муниципального долга | B81: 89 | C81: 1 | D81: 00 | E81: 41240 | F81: 730 | G81: 13 | J81: =J82 -> 1.7 | K81: =K82 -> 1.7 | L81: =L82 -> 1.7
A82: Обслуживание государственного внутреннего и муниципального долга | B82: 89 | C82: 1 | D82: 00 | E82: 41240 | F82: 730 | G82: 13 | H82: 01 | J82: =J83 -> 1.7 | K82: =K83 -> 1.7 | L82: =L83 -> 1.7
A83: Администрация Паевского сельского поселения Кадошкинского муниципального района Республики Мордовия | B83: 89 | C83: 1 | D83: 00 | E83: 41240 | F83: 730 | G83: 13 | H83: 01 | I83: 918 | J83: ='Прил 5'!J111 -> 1.7 | K83: ='Прил 5'!K111 -> 1.7 | L83: ='Прил 5'!L111 -> 1.7
A84: Уличное освещение | B84: 89 | C84: 0 | D84: 00 | E84: 43010 | J84: =J87 -> 52.8 | K84: =K87 -> 10.8 | L84: =L87 -> 11
A85: Иные закупки товаров, работ и услуг для обеспечения государственных (муниципальных) нужд | B85: 89 | C85: 0 | D85: 00 | E85: 43010 | F85: 200 | J85: =J86 -> 52.8 | K85: =K86 -> 10.8 | L85: =L86 -> 11
A86: Прочая закупка товаров, работ и услуг | B86: 89 | C86: 0 | D86: 00 | E86: 43010 | F86: 240 | J86: =J87 -> 52.8 | K86: =K87 -> 10.8 | L86: =L87 -> 11
A87: Коммунальное хозяйство | B87: 89 | C87: 0 | D87: 00 | E87: 43010 | F87: 240 | G87: 05 | J87: =J88 -> 52.8 | K87: =K88 -> 10.8 | L87: =L88 -> 11
A88: Благоустройство | B88: 89 | C88: 0 | D88: 00 | E88: 43010 | F88: 240 | G88: 05 | H88: 03 | J88: =J89 -> 52.8 | K88: =K89 -> 10.8 | L88: =L89 -> 11
A89: Администрация Паевского сельского поселения Кадошкинского муниципального района Республики Мордовия | B89: 89 | C89: 0 | D89: 00 | E89: 43010 | F89: 240 | G89: 05 | H89: 03 | I89: 918 | J89: ='Прил 5'!J94 -> 52.8 | K89: ='Прил 5'!K94 -> 10.8 | L89: ='Прил 5'!L94 -> 11
A90: Прочие мероприятия по благоустройству | B90: 89 | C90: 0 | D90: 00 | E90: 43040 | J90: =J93 -> 20.1 | K90: =K93 -> 7 | L90: =L93 -> 7
A91: Иные закупки товаров, работ и услуг для обеспечения государственных (муниципальных) нужд | B91: 89 | C91: 0 | D91: 00 | E91: 43040 | F91: 200 | J91: =J92 -> 20.1 | K91: =K92 -> 7 | L91: =L92 -> 7
A92: Прочая закупка товаров, работ и услуг | B92: 89 | C92: 0 | D92: 00 | E92: 43040 | F92: 240 | J92: =J93 -> 20.1 | K92: =K93 -> 7 | L92: =L93 -> 7
A93: Коммунальное хозяйство | B93: 89 | C93: 0 | D93: 00 | E93: 43040 | F93: 240 | G93: 05 | J93: =J94 -> 20.1 | K93: =K94 -> 7 | L93: =L94 -> 7
A94: Благоустройство | B94: 89 | C94: 0 | D94: 00 | E94: 43040 | F94: 240 | G94: 05 | H94: 03 | J94: =J95 -> 20.1 | K94: =K95 -> 7 | L94: =L95 -> 7
A95: Администрация Паевского сельского поселения Кадошкинского муниципального района Республики Мордовия | B95: 89 | C95: 0 | D95: 00 | E95: 43040 | F95: 240 | G95: 05 | H95: 03 | I95: 918 | J95: ='Прил 5'!J97 -> 20.1 | K95: ='Прил 5'!K97 -> 7 | L95: ='Прил 5'!L97 -> 7
A96: Осуществление полномочий по организации в границах поселений электро-, тепло-, газо- и водоснабжения населения, водоотведения в пределах полномочий, установленных законодательством Российской Федерации | B96: 89 | C96: 1 | D96: 00 | E96: 44101 | J96: =J99 -> 0.4 | K96: =K99 -> 0.4 | L96: =L99 -> 0.4
A97: Иные закупки товаров, работ и услуг для обеспечения государственных (муниципальных) нужд | B97: 89 | C97: 1 | D97: 00 | E97: 44101 | F97: 200 | J97: =J98 -> 0.4 | K97: =K98 -> 0.4 | L97: =L98 -> 0.4
A98: Прочая закупка товаров, работ и услуг | B98: 89 | C98: 1 | D98: 00 | E98: 44101 | F98: 240 | J98: =J99 -> 0.4 | K98: =K99 -> 0.4 | L98: =L99 -> 0.4
A99: Жилищно-коммунальное хозяйство | B99: 89 | C99: 1 | D99: 00 | E99: 44101 | F99: 240 | G99: 05 | J99: =J100 -> 0.4 | K99: =K100 -> 0.4 | L99: =L100 -> 0.4
A100: Коммунальное хозяйство | B100: 89 | C100: 1 | D100: 00 | E100: 44101 | F100: 240 | G100: 05 | H100: 02 | J100: =J101 -> 0.4 | K100: =K101 -> 0.4 | L100: =L101 -> 0.4
A101: Администрация Паевского сельского поселения Кадошкинского муниципального района Республики Мордовия | B101: 89 | C101: 1 | D101: 00 | E101: 44101 | F101: 240 | G101: 05 | H101: 02 | I101: 918 | J101: ='Прил 5'!J88 -> 0.4 | K101: ='Прил 5'!K88 -> 0.4 | L101: ='Прил 5'!L88 -> 0.4
A102: Осуществление полномочий по дорожной деятельности в отношении автомобильных дорог местного значения в границах населенных пунктов поселения и обеспечению безопасности дорожного движения на них | B102: 89 | C102: 1 | D102: 00 | E102: 44102 | J102: =J105 -> 359.4 | K102: =K105 -> 385.3 | L102: =L105 -> 414
...

Sheet Прил 7
I1: Приложение 7
A3: РАСПРЕДЕЛЕНИЕ КАПИТАЛЬНЫХ ВЛОЖЕНИЙ, ФИНАНСИРУЕМЫХ ИЗ БЮДЖЕТА ПАЕВСКОГО СЕЛЬСКОГО ПОСЕЛЕНИЯ КАДОШКИНСКОГО МУНИЦИПАЛЬНОГО РАЙОНА НА 2020 ГОД И НА ПЛАНОВЫЙ ПЕРИОД 2021 И 2022 ГОДОВ
A5: Наименование | B5: Рз | C5: Прз | D5: ЦСР | H5: Сумма (тыс. рублей)
H6: 2020 год | I6: 2021 год | J6: 2022 год
A7: 1 | B7: 2 | C7: 3 | D7: 4 | E7: 5 | F7: 6 | G7: 7 | H7: 8 | I7: 9 | J7: 10
A8: ВСЕГО | H8: =H9 -> 758.33333 | I8: =I9 -> 0 | J8: =J9 -> 0
A9: Жилищно-коммунальное хозяйство | B9: 05 | H9: =H10 -> 758.33333 | I9: =I10 -> 0 | J9: =J10 -> 0
A10: Коммунальное хозяйство | B10: 05 | C10: 02 | H10: =H11 -> 758.33333 | I10: =I11 -> 0 | J10: =J11 -> 0
A11: Развитие водоснабжения на сельских территориях | B11: 05 | C11: 02 | D11: 89 | E11: 1 | F11: 00 | G11: L5767 | H11: ='Прил 5'!J85 -> 758.33333 | I11: ='Прил 5'!K85 -> 0 | J11: ='Прил 5'!L85 -> 0

Sheet Прил 8
A1: Приложение 8
A3: РАСПРЕДЕЛЕНИЕ ИНЫХ МЕЖБЮДЖЕТНЫХ ТРАНСФЕРТОВ НА ОСУЩЕСТВЛЕНИЕ ПОЛНОМОЧИЙ ПО ВОПРОСАМ СОСТАВЛЕНИЯ ПРОЕКТА БЮДЖЕТА, УЧЕТА ИСПОЛНЕНИЯ БЮДЖЕТА, ОСУЩЕСТВЛЕНИЯ КОНТРОЛЯ ЗА ЕГО ИСПОЛНЕНИЕМ, СОСТАВЛЕНИЯ ОТЧЕТА ОБ ИСПОЛНЕНИИ БЮДЖЕТА НА 2020 ГОД И НА ПЛАНОВЫЙ ПРЕИОД 2021 И 2022 ГОДОВ
D4: (тыс.руб.)
A5: Наименование | B5: 2020 год | C5: 2021 год | D5: 2022 год
A7: 1 | B7: 2 | C7: 3 | D7: 4
A8: Всего | B8: =B9 -> 11.263 | C8: =C9 -> 11.713 | D8: =D9 -> 12.181
A9: Администрация Кадошкинского муниципального района | B9: 11.263 | C9: 11.713 | D9: 12.181

Sheet Прил 9
D1: Приложение 9
A3: ИСТОЧНИКИ ВНУТРЕННЕГО ФИНАНСИРОВАНИЯ ДЕФИЦИТА БЮДЖЕТА ПАЕВСКОГО СЕЛЬСКОГО ПОСЕЛЕНИЯ КАДОШКИНСКОГО МУНИЦИПАЛЬНОГО РАЙОНА РЕСПУБЛИКИ МОРДОВИЯ НА 2020 ГОД И НА ПЛАНОВЫЙ ПЕРИОД 2021 И 2022 ГОДОВ
E4: (тыс.руб.)
A5: Код | B5: НАИМЕНОВАНИЕ | C5: 2020 год | D5: 2021 год | E5: 2022 год
A6: 1 | B6: 2 | C6: 3 | D6: 4 | E6: 5
A7: 000 01 00 00 00 00 0000 000 | B7: ИСТОЧНИКИ ВНУТРЕННЕГО ФИНАНСИРОВАНИЯ ДЕФИЦИТОВ БЮДЖЕТОВ | C7: =C8+C15 -> 25.79633 | D7: 0 | E7: 0
A8: 000 01 02 00 00 00 0000 000 | B8: Кредиты кредитных организаций в валюте Российской Федерации | C8: =SUM(C9) -> 25.8 | D8: =SUM(D9) -> 16.8 | E8: =SUM(E9) -> 33.5
A9: 000 01 02 00 00 00 0000 700 | B9: Получение кредитов от кредитных организаций в валюте Российской Федерации | C9: =SUM(C10) -> 25.8 | D9: =SUM(D10) -> 16.8 | E9: =SUM(E10) -> 33.5
A10: 000 01 02 00 00 10 0000 710 | B10: Получение кредитов от других бюджетов бюджетной системы Российской Федерации бюджетами сельских поселений в валюте Российской Федерации | C10: 25.8 | D10: 16.8 | E10: 33.5
A11: 000 01 03 00 00 00 0000 000 | B11: Бюджетные кредиты от других бюджетов бюджетной системы Российской Федерации | C11: =C12 -> 0 | D11: =D12 -> -16.8 | E11: =E12 -> -33.5
A12: 000 01 03 01 00 00 0000 000 | B12: Бюджетные кредиты от других бюджетов бюджетной системы Российской Федерации в валюте Российской Федерации | C12: =C13 -> 0 | D12: =D13 -> -16.8 | E12: =E13 -> -33.5
A13: 000 01 03 01 00 10 0000 800 | B13: Погашение бюджетных кредитов, полученных от других бюджетов бюджетной системы Российской Федерации в валюте Российской Федерации | C13: =SUM(C14) -> 0 | D13: =SUM(D14) -> -16.8 | E13: =SUM(E14) -> -33.5
A14: 000 01 03 01 00 10 0000 810 | B14: Погашение бюджетами сельских поселений кредитов от других бюджетов бюджетной системы Российской Федерации в валюте Российской Федерации | C14: 0 | D14: -16.8 | E14: -33.5
A15: 000 01 05 00 00 00 0000 000 | B15: Изменения остатков средств на счетах по учету средств бюджета | C15: =C18+C19 -> -0.00367 | D15: =D18+D19 -> 0.013 | E15: =E18+E19 -> -0.019
A16: 000 01 05 02 00 00 0000 500 | B16: Увеличение прочих остатков средств бюджетов | C16: =SUM(C17) -> -2296.9 | D16: =SUM(D17) -> -971.2 | E16: =SUM(E17) -> -1000.5
A17: 000 01 05 02 01 00 0000 510 | B17: Увеличение прочих остатков денежных средств бюджетов | C17: =SUM(C18) -> -2296.9 | D17: =SUM(D18) -> -971.2 | E17: =SUM(E18) -> -1000.5
A18: 000 01 05 02 01 10 0000 510 | B18: Увеличение остатков денежных средств местных бюджетов | C18: =-'Прил 3'!C9-C10 -> -2296.9 | D18: =-'Прил 3'!D9 -> -971.2 | E18: =-'Прил 3'!E9 -> -1000.5
A19: 000 01 05 02 00 00 0000 600 | B19: Уменьшение прочих остатков средств бюджетов | C19: =SUM(C20) -> 2296.8963 | D19: =SUM(D20) -> 971.213 | E19: =SUM(E20) -> 1000.481
A20: 000 01 05 02 01 00 0000 610 | B20: Уменьшение прочих остатков денежных средств бюджетов | C20: =SUM(C21) -> 2296.8963 | D20: =SUM(D21) -> 971.213 | E20: =SUM(E21) -> 1000.481
A21: 000 01 05 02 01 10 0000 610 | B21: Уменьшение прочих остатков денежных средств местных бюджетов | C21: ='Прил 4 '!I8 -> 2296.8963 | D21: ='Прил 4 '!J8 -> 971.213 | E21: ='Прил 4 '!K8 -> 1000.481
A22: 000 01 00 00 00 00 0000 000 | B22: Итого источников внутреннего финансирования дефицита бюджета Паевского сельского поселения Кадошкинского муниципального района Республики Мордовия | C22: =C18+C21 -> -0.00367 | D22: =D18+D21 -> 0.013 | E22: =E18+E21 -> -0.019
B23: Привлечение средств | D23: 16.8 | E23: 33.5

Sheet Прил 10
D1: Приложение 10
A3: ПРОГРАММА МУНИЦИПАЛЬНЫХ ВНУТРЕННИХ ЗАИМСТВОВАНИЙ ПАЕВСКОГО СЕЛЬСКОГО ПОСЕЛЕНИЯ КАДОШКИНСКОГО МУНИЦИПАЛЬНОГО РАЙОНА РЕСПУБЛИКИ МОРДОВИЯ НА 2020 ГОД И НА ПЛАНОВЫЙ ПЕРИОД 2021 И 2022 ГОДОВ
E6: (тыс.руб.)
A7: № п/п | B7: ВИДЫ ЗАИМСТВОВАНИЙ | C7: Сумма
C8: 2020 год | D8: 2021 год | E8: 2022 год
A9: 1 | B9: 2 | C9: 3 | D9: 4 | E9: 5
A10: I | B10: Кредиты кредитных организаций в валюте Российской Федерации | C10: =C12 -> 0 | D10: =D12 -> 16.8 | E10: =E12 -> 33.5
B11: в том числе:
A12: 1 | B12: Объем привлечения | D12: 16.8 | E12: 33.5
A13: 2 | B13: Объем средств, напрвляемых на погашение основной суммы долга
A14: II | B14: Бюджетные кредиты от других бюджетов бюджетной системы Российской Федерации | C14: =C17 -> 0 | D14: =D17 -> -16.8 | E14: =E17 -> -33.5
B15: в том числе
A16: 1 | B16: Объем привлечения
A17: 2 | B17: Объем средств, напрвляемых на погашение основной суммы долга | D17: -16.8 | E17: -33.5
B18: ВСЕГО | D18: =D12+D17 -> 0 | E18: =E12+E17 -> 0
